 Dungeon Crawl Stone Soup version 0.22-a0-373-gab1296c (webtiles) character file.

812911 sankara the Metallomancer (level 27, -5/140 HPs)
             Began as a Gargoyle Earth Elementalist on Apr 20, 2018.
             Was the Champion of Vehumet.
             Killed from afar by a Brimstone Fiend (37 damage)
             ... with damnation
             ... created by the effects of Hell
             ... in the Vestibule of Hell on Apr 25, 2018.
             The game lasted 15:58:30 (123205 turns).

sankara the Metallomancer (GrEE)                  Turns: 123205, Time: 15:58:31

Health: -5/140     AC: 44    Str: 17 (20) XL:     27
Magic:  7/52       EV: 16    Int: 30      God:    Vehumet [******]
Gold:   468        SH: 18    Dex: 10      Spells: 0/68 levels left

rFire    + + +     SeeInvis .   b - staff of energy {+MP, hungerless spells, !d!a@w1}
rCold    . . .     Gourm    .   k - +5 shield {rC+}
rNeg     + + +     Faith    .   s - +1 fire dragon scales
rPois    ∞         Spirit   .   U - +2 helmet {Int+3}
rElec    +         Reflect  .   f - +0 cloak of the Game Afoot {rElec rC+ MP+9 Int+4}
rCorr    .         Harm     .   Z - +2 pair of gloves {Str+3}
MR       ++...                  I - +2 pair of boots {Fly}
Stlth    +++.......             y - amulet of magic regeneration
HPRegen  0.33/turn              Y - ring of Oridokir {Fire Str+4}
MPRegen  0.58/turn              e - ring "Nurham" {rN++ Str-3}

@: flying
A: big wings, hooves 1, dopey 1, frail 2, low mp 1, negative energy resistance
1, sense surroundings 2, screaming 2, electricity resistance, unbreathing,
petrification resistance, rot immunity, MP-powered wands, AC +20
}: 5/15 runes: decaying, serpentine, slimy, silver, abyssal
a: Stop Flying, Renounce Religion


You were in the Vestibule of Hell.
You worshipped Vehumet.
Vehumet was exalted by your worship.
You were very hungry.

You visited 13 branches of the dungeon, and saw 61 of its levels.
You visited the Abyss 5 times.
You visited 3 bazaars.
You also visited: Ice Cave.

You collected 10273 gold pieces.
You spent 9805 gold pieces at shops.

Inventory:

Hand Weapons
 d - a +9 demon whip of flaming
   (You took it off a spriggan defender on level 1 of the Depths)
Missiles
 C - 6 throwing nets {=f, !d}
Armour
 f - the +0 cloak of the Game Afoot (worn) {rElec rC+ MP+9 Int+4}
   (You found it on level 3 of the Depths)

   It affects your intelligence (+4).
   It protects you from cold.
   It insulates you from electricity.
   It affects your magic capacity (+9).
 k - a +5 shield of cold resistance (worn)
   (You found it in an ice cave)
 s - +1 fire dragon scales (worn)
   (You took it off Margery on level 4 of the Vaults)
 I - a +2 pair of boots of flying (worn)
   (You found it on level 3 of the Elven Halls)
 U - a +2 helmet of intelligence (worn)
   (You found it on level 14 of the Dungeon)
 Z - a +2 pair of gloves of strength (worn)
   (You found it on level 5 of the Vaults)
Magical Staves
 a - an uncursed staff of earth
   (You found it on level 1 of the Snake Pit)
 b - an uncursed staff of energy (weapon) {+MP, hungerless spells, !d!a@w1}
   (You found it on level 4 of the Lair of Beasts)
Jewellery
 e - the ring "Nurham" (right hand) {rN++ Str-3}
   (You found it on level 1 of the Realm of Zot)

   [ring of strength]

   It affects your strength (-3).
   It greatly protects you from negative energy.
 y - an amulet of magic regeneration (around neck)
   (You took it off a yaktaur on level 14 of the Dungeon)
 z - an uncursed ring of resist corrosion
   (You found it on level 9 of the Dungeon)
 Y - the ring of Oridokir (left hand) {Fire Str+4}
   (You took it off a deep elf knight on level 3 of the Elven Halls)

   [ring of fire]

   It enhances your fire magic.
   It affects your strength (+4).
   It protects you from fire.
   It makes you vulnerable to cold.
Wands
 m - a wand of digging (33)
   (You found it on level 1 of the Elven Halls)
 B - a wand of enslavement (53)
   (You found it on level 1 of the Snake Pit)
 F - a wand of clouds (6)
   (You found it on level 3 of the Lair of Beasts)
 O - a wand of acid (16)
   (You found it on level 10 of the Dungeon)
Scrolls
 i - 24 scrolls of identify
 n - 3 scrolls of summoning
 t - 31 scrolls of remove curse
 u - 30 scrolls of teleportation
 w - 6 scrolls of fear
 A - 11 scrolls of magic mapping {!r}
 J - 3 scrolls of holy word {!r}
 Q - 16 scrolls of fog
 W - 8 scrolls of blinking {!r}
Potions
 l - 8 potions of agility
 o - 13 potions of heal wounds
 p - 4 potions of magic
 q - 24 potions of curing
 r - 11 potions of mutation {!q}
 v - 9 potions of cancellation
 E - 6 potions of invisibility
 H - 6 potions of brilliance
 N - 8 potions of resistance
 R - 9 potions of haste
Miscellaneous
 P - 6 phantom mirrors
 S - a lightning rod (4/4)
   (You found it on level 11 of the Dungeon)
 V - a fan of gales
   (You found it on level 5 of the Vaults)
 X - 7 boxes of beasts
Comestibles
 h - 108 rations


   Skills:
 - Level 19.0 Fighting
 - Level 7.3 Maces & Flails
 - Level 8.0 Armour
 - Level 17.0 Dodging
 - Level 12.0 Stealth
 - Level 15.0 Shields
 - Level 21.0 Spellcasting
 - Level 23.0 Conjurations
 - Level 2.0 Charms
 - Level 10.5 Necromancy
   Level 0.7 Transmutations
 - Level 21.0 Fire Magic
 + Level 24.7 Earth Magic
 - Level 13.0 Evocations


You couldn't memorise any spells.
You knew the following spells:

 Your Spells              Type           Power        Failure   Level  Hunger
a - Fire Storm            Conj/Fire      ########..   13%         9    None
b - Blink                 Tloc           N/A          6%          2    None
c - Orb of Destruction    Conj           ########..   1%          7    None
d - Shatter               Erth           ########..   4%          9    None
e - Lee's Rapid Deconstr  Erth           ########..   0%          5    None
f - Borgnjor's Vile Clut  Necr/Erth      #######...   1%          5    None
g - Infestation           Necr           #######...   98%         8    None
h - Lehudib's Crystal Sp  Conj/Erth      ########..   1%          8    None
i - Iron Shot             Conj/Erth      ########..   1%          6    None
j - Regeneration          Chrm/Necr      ######....   1%          3    None
k - Dispel Undead         Necr           #######.     1%          5    None
l - Apportation           Tloc           ####..       4%          1    None


Dungeon Overview and Level Annotations

Branches:
Dungeon (15/15)            Temple (0/1) D:7            Lair (6/6) D:8
  Swamp (4/4) Lair:2        Snake (4/4) Lair:2        Slime (5/5) Lair:6
    Orc (2/2) D:12            Elf (3/3) Orc:2        Vaults (5/5) D:13
  Crypt (3/3) Vaults:3       Tomb (0/3) Crypt:3      Depths (5/5) D:15
   Hell (1/1)                 Dis (0/7) Hell            Geh (3/7) Hell
    Coc (0/7) Hell            Tar (0/7) Hell            Zot (5/5) Depths:5

Altars:
Ashenzari
Cheibriados
Dithmenos
Fedhas
Gozag
Hepliaklqana
Kikubaaqudgha
Makhleb
Sif Muna
Trog
Vehumet
Xom
Yredelemnul
The Shining One
Beogh
Jiyva

Shops:
D:10 *   Orc:2 (([   Elf:3 :   Snake:1 ?:?(   Vaults:1 *   Vaults:4 (
Depths:5 }=[

Portals:
Hell: Depths:1 Depths:2 Depths:3 Depths:4 Depths:5
Abyss: Depths:4
Pandemonium: Depths:1 Depths:3
Ziggurat: Depths:3

Annotations:
Depths:5 5 runed doors
Zot:5 1 exclusion


Innate Abilities, Weirdness & Mutations

You are resistant to torment.
Your stone body is resilient. (AC +20)
You are immune to poison.
Your large and strong wings let you fly indefinitely.
You resist negative energy. (rN+)
You are resistant to electric shocks. (rElec)
You can survive without breathing.
You are immune to petrification.
You are immune to rotting.
You have large cloven feet.
You are dopey. (Int -2)
You are very frail. (-20% HP)
Your magical capacity is low. (-10% MP)
You passively map the area around you.
You sometimes yell uncontrollably at your foes.
You expend magic power (3 MP) to strengthen your wands.


Message History

Casting: Borgnjor's Vile Clutch (safe; 1% risk of failure)
Confirm with . or Enter, or press ? or * to list all spells.
You don't have enough magic to cast that spell.
Unknown command.
You channel some magical energy.
You feel slightly more hungry.
The zombie hands constrict the hell hound!
You kill the hell hound!
Vehumet accepts your kill.
You feel your power returning. You block the efreet's attack.
A phantasmal warrior comes into view.
Casting: Borgnjor's Vile Clutch (safe; 1% risk of failure)
Confirm with . or Enter, or press ? or * to list all spells.
Aiming: Iron Shot (safe; 1% risk of failure)
Press: ? - help, Shift-Dir - straight line, f - efreet
Aim: an efreet, wielding a scimitar of flaming (almost dead)
The iron shot hits the efreet.
You kill the efreet!
Vehumet accepts your kill.
The phantasmal warrior blinks!
A hellion comes into view.
You channel some magical energy.
You feel slightly more hungry.
Casting: Iron Shot (safe; 1% risk of failure)
Confirm with . or Enter, or press ? or * to list all spells.
Aiming: Dispel Undead (safe; 1% risk of failure)
Press: ? - help, Shift-Dir - straight line, f - phantasmal warrior
Aim: a phantasmal warrior (lightly damaged)
The phantasmal warrior convulses!
You destroy the phantasmal warrior!
Vehumet accepts your kill.
The hellion gives a hideous shriek!
A hell hound comes into view.
You yell at the hell hound!
Nothing appears to happen.
You hear a shout!
You hear a bark! x2
The hellion gestures at you.
The sphere of damnation explodes!
The damnation engulfs you!
You hear a bark!
You feel a terrible foreboding...
A hell hound, a red devil, a hellion, a Brimstone Fiend and a skeleton come into view.
You yell at the hellion!
You fly up through the gate.
Welcome back to the Vestibule of Hell!
There is a gateway to the ashen valley of Gehenna here.
Nothing appears to happen.
You block the Brimstone Fiend's attack.
The Brimstone Fiend hits you but does no damage.
The Brimstone Fiend closely misses you.
You channel some magical energy.
You feel slightly more hungry. The Brimstone Fiend hits you.
The Brimstone Fiend hits you but does no damage. x2
Nothing appears to happen.
The Brimstone Fiend hits you but does no damage.
You block the Brimstone Fiend's attack. x2
You channel some magical energy.
You feel slightly more hungry. You block the Brimstone Fiend's attack.
The Brimstone Fiend hits you but does no damage. x2
Casting: Dispel Undead (safe; 1% risk of failure)
Confirm with . or Enter, or press ? or * to list all spells.
Aiming: Lehudib's Crystal Spear (safe; 1% risk of failure)
Press: ? - help, Shift-Dir - straight line, f - Brimstone Fiend
Aim: a Brimstone Fiend The crystal spear misses the Brimstone Fiend.
You block the Brimstone Fiend's attack.
The Brimstone Fiend hits you but does no damage. x2
Nothing appears to happen.
You block the Brimstone Fiend's attack. x2
The Brimstone Fiend barely misses you.
Nothing appears to happen.
You block the Brimstone Fiend's attack.
The Brimstone Fiend hits you but does no damage.
The Brimstone Fiend misses you.
Nothing appears to happen.
The Brimstone Fiend gestures at you.
The sphere of damnation explodes!
The damnation engulfs you!
The damnation engulfs the Brimstone Fiend.
The Brimstone Fiend completely resists.
You channel some magical energy.
You feel slightly more hungry.
You block the Brimstone Fiend's attack. x2
The Brimstone Fiend hits you but does no damage.
Casting: Lehudib's Crystal Spear (safe; 1% risk of failure)
Confirm with . or Enter, or press ? or * to list all spells.
Aiming: Lehudib's Crystal Spear (safe; 1% risk of failure)
Press: ? - help, Shift-Dir - straight line, f/p - Brimstone Fiend
Aim: a Brimstone Fiend The crystal spear hits the Brimstone Fiend.
The Brimstone Fiend is severely wounded.
The Brimstone Fiend gestures at you.
The sphere of damnation explodes!
The damnation engulfs you!
* * * LOW HITPOINT WARNING * * *
The damnation engulfs the Brimstone Fiend.
The Brimstone Fiend completely resists.
You channel some magical energy.
You feel slightly more hungry. You block the Brimstone Fiend's attack.
The Brimstone Fiend hits you but does no damage. x2
Nothing appears to happen.
The Brimstone Fiend hits you but does no damage.
You block the Brimstone Fiend's attack.
The Brimstone Fiend hits you but does no damage.
Nothing appears to happen.
You block the Brimstone Fiend's attack.
The Brimstone Fiend hits you but does no damage. x2
Nothing appears to happen.
The Brimstone Fiend gestures at you.
The sphere of damnation explodes!
The damnation engulfs you!
You die...

#.## ##..### #..##
##..## #...## ##...
#....## ##.. #.....##
##. #.....§## ##
#..§§≈..## #
#.§≈.§§§.###
#.≈.[@§≈...# #
#≈≈..1.≈...## ##
#......≈....## ##.
#≈≈...≈≈.[...## ##..
#.≈...§..###..## ##...
#....≈..##.##..###....
#..§§§§.#...##..##....
#......##.........).[.
#......#.....#....).).


You could see a Brimstone Fiend.

Vanquished Creatures
  the Royal Jelly (Slime:5)
  3 orbs of fire
  6 ancient liches
  A juggernaut (Depths:3)
  Sojobo (Depths:5)
  the Lernaean hydra (Swamp:4)
  Margery (Vaults:4)
  Saint Roka (Vaults:4)
  2 Killer Klowns (Zot:1)
  Frederick (Vaults:4)
  2 curse toes (Zot:4)
  Geryon (Hell)
  11 golden dragons
  Nikola (Snake:1)
  Jory (Vaults:5)
  the Enchantress (Depths:1)
  3 bone dragons
  2 profane servitors
  The ghost of Totori the Hand of Fortune, an adept HuHu of Nemelex Xobeh (Vaults:1)
  11 Brimstone Fiends
  25 tentacled monstrosities
  A Tzitzimitl (Geh:2)
  5 liches
  Asterion (Depths:1)
  2 Hell Sentinels
  4 titans (Vaults:5)
  2 deep elf blademasters (Elf:3)
  2 deep elf master archers (Elf:3)
  6 tentacled starspawn
  12 death cobs
  7 quicksilver dragons
  31 acid blobs
  5 sphinxes
  2 Executioners
  2 eldritch tentacles
  2 thorn hunters
  Agnes (Snake:2)
  21 storm dragons
  9 shadow dragons
  9 tengu reavers
  Kirke (Snake:4)
  Donald (Vaults:4)
  5 draconian monks
  19 azure jellies
  9 frost giants
  The ghost of Torax the Earth Mage, an adept FeEE of Sif Muna (Vaults:2)
  12 nagarajas
  8 deep elf sorcerers
  3 draconian scorchers
  A ghost moth (shapeshifter) (Depths:4)
  4 iron dragons
  12 fire giants
  5 draconian knights
  3 ghost moths
  An orc warlord (Orc:1)
  3 ghouls (Crypt:2)
  3 draconian stormcallers
  5 balrugs
  Aizul (Snake:1)
  A juggernaut zombie (Hell)
  2 caustic shrike zombies (Hell)
  4 draconian annihilators
  15 vault wardens
  2 curse skulls
  4 cacodemons
  3 draconian shifters
  4 spriggan defenders
  A deep elf elementalist (Vaults:5)
  12 ironheart preservers
  17 stone giants
  An ophan (Abyss:2)
  4 war gargoyles
  12 reapers
  20 very ugly things
  An entropy weaver (shapeshifter) (Vaults:5)
  5 vampire knights
  7 green draconians
  A dire elephant (Zot:1)
  Azrael (Elf:2)
  9 black draconians
  8 purple draconians
  14 red draconians
  10 deep elf demonologists
  4 deep elf annihilators
  12 yellow draconians
  A spark wasp (shapeshifter) (D:14)
  7 white draconians
  10 spark wasps
  2 minotaurs (D:14)
  2 ettins (shapeshifter)
  A merfolk javelineer (Depths:4)
  4 eidola
  6 blizzard demons
  8 deep elf death magi
  4 green deaths
  Snorg (Lair:2)
  20 death oozes
  6 jiangshi
  17 ettins
  20 great orbs of eyes
  12 deep elf high priests
  3 quicksilver dragon zombies
  7 rakshasas
  A kraken zombie (Hell)
  18 fire dragons
  2 hell beasts
  21 hydras
  31 vault guards
  7 spriggan air magi
  11 yaktaur captains
  13 naga warriors
  8 ice dragons
  2 quicksilver dragon skeletons
  10 anacondas
  A satyr (Abyss:1)
  33 two-headed ogres
  10 centaur warriors
  3 death knights
  9 deep troll shamans
  16 alligators
  7 ogre magi
  22 hell hogs
  13 deep troll earth magi
  22 dancing weapons
  20 tengu warriors
  4 death yaks (D:14)
  8 vampire magi
  8 spriggan berserkers
  11 shock serpents
  5 orc high priests
  15 naga sharpshooters
  13 sun demons
  A titan skeleton (Crypt:3)
  69 hell knights
  A shock serpent (shapeshifter) (D:14)
  11 soul eaters
  2 storm dragon zombies
  8 thrashing horrors
  2 titan zombies
  9 wretched stars
  22 deep elf knights
  2 iron golems (Hell)
  6 iron trolls
  35 skeletal warriors
  6 sixfirhies
  3 salamander mystics
  2 shadow wraiths (Crypt:2)
  6 unseen horrors
  8 sea snakes (Snake:4)
  A spriggan druid (Swamp:4)
  59 starcursed masses
  A ghost moth zombie (Crypt:2)
  12 glowing orange brains
  An anaconda zombie (Hell)
  39 large abominations
  8 flayed ghosts
  5 naga ritualists
  3 storm dragon skeletons
  27 deep trolls
  A quicksilver dragon simulacrum (Hell)
  A shadow demon (Abyss:2)
  23 deep elf archers
  10 orc knights
  7 wizards
  6 shadow dragon zombies
  10 swamp dragons
  2 anaconda skeletons
  A lindwurm (Lair:5)
  A tengu zombie (Vaults:2)
  A golden dragon skeleton (Geh:1)
  Pikel (D:8)
  3 shambling mangroves
  2 iron dragon zombies
  7 phantasmal warriors
  24 necromancers
  4 oklob plants (Lair:6)
  A mana viper (shapeshifter) (Depths:4)
  A wolf spider zombie (Geh:1)
  10 ironbrand convokers
  2 shadow dragon skeletons
  7 stone giant zombies
  5 frost giant zombies
  4 mana vipers
  5 fire giant zombies
  8 shining eyes
  8 orc sorcerers
  32 ugly things
  76 deep elf magi
  A moth of wrath (shapeshifter) (Vaults:5)
  16 salamanders
  8 cyclopes
  2 manticores (D:13)
  5 wolf spiders
  An iron dragon skeleton (Geh:1)
  6 worldbinders
  A sphinx skeleton (Vaults:5)
  Maurice (D:9)
  An elephant (shapeshifter) (Depths:1)
  19 moths of wrath
  A fire giant skeleton (Geh:3)
  40 black mambas
  A shock serpent zombie (Hell)
  5 apocalypse crabs
  4 frost giant skeletons
  16 vault sentinels
  11 guardian serpents
  19 naga magi
  A centaur zombie (D:13)
  A guardian serpent (shapeshifter) (Vaults:4)
  A dire elephant zombie (Geh:1)
  16 rust devils
  4 eyes of devastation
  3 yaktaur zombies
  A water nymph (shapeshifter) (Vaults:5)
  6 stone giant skeletons
  3 ice statues
  6 gargoyles
  6 molten gargoyles
  24 smoke demons
  5 orange demons
  2 kobold demonologists
  6 rime drakes
  A storm dragon simulacrum (Abyss:1)
  22 spiny frogs
  12 hellions
  85 yaktaurs
  9 efreet
  A dire elephant skeleton (Geh:1)
  7 tormentors
  3 human zombies
  8 freezing wraiths
  5 hellwings
  3 ice devils
  4 demonic crawlers
  4 human skeletons
  9 ancient zymes
  3 hydra zombies
  4 komodo dragons
  6 trolls
  4 tengu conjurers
  2 trolls (shapeshifter)
  A ghost moth simulacrum (Abyss:3)
  26 red devils
  A hornet (shapeshifter) (Vaults:5)
  2 queen bees
  5 meliai (Abyss:3)
  22 polar bears
  3 harpy zombies
  A wind drake (shapeshifter) (Depths:2)
  A wolf spider simulacrum (D:15)
  11 tyrant leeches
  126 slime creatures
  19 blink frogs
  24 hornets
  A human simulacrum (Vaults:3)
  28 raiju
  3 bog bodies
  A deep troll zombie (Hell)
  5 ettin zombies
  A dream sheep (Lair:6)
  3 hippogriffs
  3 alligator zombies
  A fire dragon zombie (Geh:2)
  An ice dragon zombie (Geh:1)
  2 iron dragon simulacra
  A fire dragon skeleton (Geh:1)
  A stone giant simulacrum (Crypt:2)
  A frost giant simulacrum (Abyss:1)
  33 flying skulls
  19 shadows
  A spriggan zombie (Hell)
  5 air elementals
  A yak (shapeshifter) (Vaults:3)
  6 ynoxinuls
  2 ice dragon skeletons
  20 water elementals
  A black mamba zombie (Geh:3)
  2 wyverns
  6 vampires
  5 ettin skeletons
  21 spriggans
  A black mamba skeleton (Geh:2)
  22 wraiths
  5 humans (shapeshifter)
  3 basilisks
  3 hungry ghosts
  69 yaks
  A hog (shapeshifter) (Vaults:1)
  2 hogs (Snake:4)
  8 humans (Zot:1)
  39 fire elementals
  18 golden eyes
  7 neqoxecs
  6 fire bats
  21 vampire mosquitoes
  8 chaos spawn
  A warg (shapeshifter) (Depths:2)
  19 swamp worms
  Menkaure (D:7)
  5 insubstantial wisps (Abyss:2)
  64 nagas
  17 wargs
  30 small abominations
  A faun zombie (Crypt:1)
  A harpy simulacrum (Abyss:1)
  10 water moccasins
  A torturous demonspawn zombie (Crypt:2)
  3 acid dragons
  22 hell hounds
  7 porcupines
  3 spiny frog zombies (Hell)
  12 swamp drakes
  6 sky beasts
  44 orc warriors
  2 spiny frog skeletons
  9 eyes of draining
  6 ice beasts
  8 phantoms
  2 slaves (D:8)
  2 black bears (Lair:6)
  A sky beast (shapeshifter) (Vaults:1)
  A snapping turtle zombie (Geh:2)
  34 ogres
  An ettin simulacrum (Depths:3)
  A swamp dragon zombie (Hell)
  11 necrophages
  26 wolves
  A torpor snail zombie (Crypt:2)
  25 boggarts
  13 centaurs
  13 crocodiles
  A swamp dragon skeleton (Crypt:1)
  2 big kobolds
  An elf zombie (Crypt:2)
  11 bullfrogs
  A gnoll sergeant (D:12)
  An elf skeleton (Crypt:2)
  A glowing shapeshifter simulacrum (Vaults:5)
  A wyvern zombie (Crypt:1)
  A spiny frog simulacrum (Hell)
  2 earth elementals
  A troll zombie (Crypt:3)
  A wyvern skeleton (D:10)
  9 scorpions
  A scorpion (shapeshifter) (Vaults:1)
  A polar bear skeleton (Crypt:2)
  37 killer bees
  A spriggan skeleton (Hell)
  43 wights
  5 electric eels
  2 howler monkeys
  20 crimson imps
  6 lava snakes
  4 hounds
  7 quasits
  2 gnoll shamans
  7 jellies
  6 centaur skeletons
  32 orc priests
  22 orc wizards
  4 bullfrog skeletons
  14 iron imps
  A black bear skeleton (Crypt:2)
  2 iguanas
  9 worker ants
  A worker ant (shapeshifter) (Vaults:5)
  A killer bee zombie (Crypt:1)
  An ogre zombie (Geh:1)
  A hound zombie (D:6)
  2 hound skeletons
  2 worker ant zombies
  26 gnolls
  6 adders
  3 shadow imps
  17 white imps
  6 ufetubi
  3 oozes
  3 adder skeletons
  An adder zombie (D:7)
  6 worms
  A dart slug (D:1)
  5 leopard geckos
  127 orcs
  3 ball pythons
  8 giant cockroaches
  4 goblins
  9 hobgoblins
  9 jackals
  7 quokkas
  A ball python skeleton (Crypt:1)
  12 bats
  3 frilled lizards
  A jackal skeleton (Crypt:2)
  14 kobolds
  A leopard gecko zombie (D:9)
  An orc skeleton (Hell)
  An orc zombie (Geh:3)
  11 rats
  2 bushes (Elf:1)
  7 fire vortices
  4 fungi
  A lurking horror (Abyss:3)
  20 plants
  2 starspawn tentacles
  A withered plant (Crypt:3)
3619 creatures vanquished.

Vanquished Creatures (collateral kills)
  A golden dragon (Depths:5)
  A tentacled monstrosity (Zot:1)
  2 tentacled starspawn
  A death cob (Zot:1)
  A storm dragon (Vaults:5)
  3 shadow dragons
  A frost giant (Depths:4)
  2 very ugly things
  A yellow draconian (Zot:1)
  A purple draconian (Zot:3)
  A black draconian (Zot:1)
  2 white draconians
  An ettin (Depths:1)
  A deep elf death mage (Vaults:5)
  2 yaktaur captains
  A vault guard (Vaults:5)
  2 wretched stars
  A storm dragon zombie (Hell)
  A tengu zombie (Hell)
  A shining eye (Abyss:1)
  A human skeleton (Vaults:5)
  2 smoke demons
  A yaktaur zombie (Vaults:5)
  2 slime creatures
  5 starcursed masses
  A tarantella (shapeshifter) (Vaults:5)
  A shadow (Abyss:1)
  A small abomination (Abyss:1)
  A golden eye (Abyss:1)
  2 ogres
  2 boggarts (Depths:2)
  A centaur (Depths:1)
  5 killer bees (Abyss:3)
  2 jellies
  An iron imp (Abyss:1)
  A starspawn tentacle (Abyss:3)
56 creatures vanquished.

Vanquished Creatures (others)
  2 hell hogs (Geh:2)
  2 quicksilver dragon simulacra (Depths:3)
  An iron dragon zombie (Geh:2)
  A worldbinder (Abyss:3)
  A stone giant skeleton (Hell)
  A black mamba (Snake:4)
  A small abomination (Abyss:1)
  A human (Snake:4)
  4 ettin simulacra (Depths:3)
  2 slaves (D:8)
  An eye of draining (D:8)
  A killer bee (Abyss:3)
  A hound (D:8)
  18 bushes (Lair:6)
  593 fire vortices
  13 fungi
  4 lurking horrors
  24 plants
  7 starspawn tentacles
  12 withered plants (Crypt:3)
690 creatures vanquished.

Grand Total: 4365 creatures vanquished

Notes
Turn   | Place    | Note
-------+----------+-------------------------------------------
     0 | D:1      | sankara the Gargoyle Earth Elementalist began the quest for the Orb.
     0 | D:1      | Reached XP level 1. HP: 10/10 MP: 3/3
    97 | D:1      | Reached skill level 4 in Earth Magic
    98 | D:1      | Reached XP level 2. HP: 11/15 MP: 5/5
   875 | D:1      | Reached XP level 3. HP: 14/19 MP: 6/6
  1230 | D:2      | Reached skill level 5 in Earth Magic
  1420 | D:2      | Reached skill level 1 in Maces & Flails
  1784 | D:2      | Reached XP level 4. HP: 24/24 MP: 5/7
  1983 | D:2      | Found a radiant altar of Vehumet.
  1983 | D:2      | Found a burning altar of Makhleb.
  2009 | D:2      | Became a worshipper of Vehumet
  2046 | D:2      | Learned a level 2 spell: Passwall
  2050 | D:2      | Learned a level 3 spell: Stone Arrow
  2227 | D:2      | Reached skill level 2 in Maces & Flails
  2311 | D:2      | Found an ancient bone altar of Kikubaaqudgha.
  2740 | D:3      | Reached skill level 3 in Maces & Flails
  3013 | D:3      | Found a bloodstained altar of Trog.
  3042 | D:3      | Reached XP level 5. HP: 25/28 MP: 8/8
  3097 | D:3      | Reached skill level 1 in Conjurations
  3102 | D:3      | Reached * piety under Vehumet
  3102 | D:3      | Offered knowledge of Magic Dart by Vehumet.
  3321 | D:3      | Reached skill level 2 in Conjurations
  3335 | D:3      | Found an opulent altar of Gozag.
  3840 | D:4      | Found a shattered altar of Ashenzari.
  3958 | D:4      | Reached skill level 3 in Conjurations
  3962 | D:4      | Found a shattered altar of Ashenzari.
  4003 | D:4      | Reached XP level 6. HP: 30/32 MP: 5/9
  4206 | D:5      | Entered Level 5 of the Dungeon
  4223 | D:5      | Reached skill level 3 in Spellcasting
  4307 | D:5      | Reached skill level 4 in Spellcasting
  4317 | D:5      | Reached XP level 7. HP: 30/36 MP: 1/13
  4862 | D:5      | Reached skill level 5 in Spellcasting
  4864 | D:5      | Offered knowledge of Shock by Vehumet.
  4874 | D:5      | Learned a level 1 spell: Shock
  5046 | D:5      | Reached skill level 1 in Fighting
  5252 | D:5      | Reached skill level 2 in Fighting
  5379 | D:6      | Reached ** piety under Vehumet
  5439 | D:6      | Reached skill level 3 in Fighting
  5723 | D:6      | Found a snail-covered altar of Cheibriados.
  5915 | D:6      | HP: 4/42 [ice beast (12)]
  6263 | D:6      | Reached skill level 4 in Fighting
  6263 | D:6      | Reached XP level 8. HP: 48/48 MP: 1/15
  6476 | D:6      | Found a deep blue altar of Sif Muna.
  7005 | D:7      | Reached skill level 5 in Fighting
  7176 | D:7      | Found a staircase to the Ecumenical Temple.
  7272 | D:7      | Reached skill level 6 in Earth Magic
  7279 | D:7      | Noticed Menkaure
  7335 | D:7      | Killed Menkaure
  7335 | D:7      | Reached skill level 7 in Earth Magic
  7559 | D:7      | Found a blossoming altar of Fedhas.
  7596 | D:7      | Reached skill level 4 in Conjurations
  7953 | D:8      | Reached skill level 5 in Conjurations
  8072 | D:8      | Found a shadowy altar of Dithmenos.
  8111 | D:8      | Noticed a hornet
  8119 | D:8      | Killed a hornet
  8119 | D:8      | Reached skill level 6 in Spellcasting
  8119 | D:8      | Reached XP level 9. HP: 36/54 MP: 5/18
  8290 | D:8      | Noticed Pikel
  8324 | D:8      | Killed Pikel
  8324 | D:8      | Reached skill level 7 in Spellcasting
  8804 | D:8      | Reached skill level 8 in Spellcasting
  8883 | D:8      | Offered knowledge of Searing Ray by Vehumet.
  9180 | D:8      | Found a staircase to the Lair.
  9573 | D:9      | Reached skill level 8 in Earth Magic
  9660 | D:9      | Noticed a two-headed ogre
  9674 | D:9      | Killed a two-headed ogre
  9674 | D:9      | Reached skill level 5 in Shields
  9674 | D:9      | Reached XP level 10. HP: 25/59 MP: 6/22
  9676 | D:9      | Reached *** piety under Vehumet
  9992 | D:9      | Reached skill level 9 in Earth Magic
 10180 | D:9      | Noticed Maurice
 10180 | D:9      | Found a glowing golden altar of the Shining One.
 10195 | D:9      | Killed Maurice
 10331 | D:9      | Found Kioratem's Food Boutique.
 10355 | D:9      | Reached skill level 10 in Earth Magic
 10524 | D:10     | Entered Level 10 of the Dungeon
 10684 | D:10     | Noticed a gargoyle
 10744 | D:9      | Learned a level 5 spell: Lee's Rapid Deconstruction
 10747 | D:10     | Killed a gargoyle
 10897 | D:10     | Reached skill level 9 in Spellcasting
 10910 | D:10     | Noticed a two-headed ogre
 10918 | D:10     | Killed a two-headed ogre
 11099 | D:10     | Found Gusm's General Store.
 11153 | D:10     | Offered knowledge of Ignite Poison by Vehumet.
 11313 | D:10     | Reached skill level 10 in Spellcasting
 11457 | D:10     | Bought a potion of agility for 56 gold pieces
 11681 | D:10     | Reached XP level 11. HP: 64/64 MP: 20/25
 11748 | D:10     | Reached skill level 6 in Fighting
 11847 | D:11     | Noticed a seven-headed hydra
 11872 | D:11     | Reached **** piety under Vehumet
 11882 | D:11     | Reached skill level 7 in Fighting
 11888 | D:11     | Offered knowledge of Bolt of Magma by Vehumet.
 11916 | D:10     | Learned a level 5 spell: Bolt of Magma
 11932 | D:11     | Noticed a death knight
 11979 | D:11     | Killed a seven-headed hydra
 11979 | D:11     | Reached skill level 2 in Fire Magic
 12208 | D:11     | Reached skill level 3 in Fire Magic
 12443 | D:11     | Noticed a two-headed ogre
 12500 | D:11     | Killed a death knight
 12500 | D:11     | Reached skill level 4 in Fire Magic
 13018 | D:11     | Killed a two-headed ogre
 13018 | D:11     | Reached skill level 5 in Fire Magic
 13243 | Lair:1   | Entered Level 1 of the Lair of Beasts
 13390 | Lair:1   | Reached skill level 6 in Fire Magic
 13814 | Lair:1   | Reached skill level 7 in Fire Magic
 13934 | Lair:1   | Reached skill level 8 in Fighting
 14493 | Lair:2   | Found a staircase to the Swamp.
 14625 | Lair:2   | Reached skill level 9 in Fighting
 14652 | Lair:2   | Reached XP level 12. HP: 75/76 MP: 23/26
 14654 | Lair:2   | Reached ***** piety under Vehumet
 15141 | Lair:2   | Offered knowledge of Olgreb's Toxic Radiance by Vehumet.
 15150 | Lair:2   | Reached skill level 10 in Fighting
 15594 | Lair:2   | Reached skill level 4 in Maces & Flails
 15637 | Lair:2   | Found a staircase to the Snake Pit.
 16077 | Lair:3   | Noticed Snorg
 16088 | Lair:2   | Killed Snorg
 16088 | Lair:2   | Reached skill level 5 in Maces & Flails
 16213 | Lair:3   | Found a frozen archway.
 16237 | Lair:3   | Got a faintly humming leather armour
 16311 | IceCv    | Entered an ice cave
 16329 | IceCv    | Reached skill level 6 in Maces & Flails
 16607 | IceCv    | Reached skill level 7 in Maces & Flails
 17576 | IceCv    | Noticed a white draconian
 17735 | IceCv    | Reached skill level 11 in Spellcasting
 17744 | IceCv    | Offered knowledge of Fulminant Prism by Vehumet.
 18121 | IceCv    | Killed a white draconian
 18571 | Lair:3   | Identified the +0 leather armour of Julouk {+Fly rCorr} (You found it on level 3 of the Lair of Beasts)
 18669 | Lair:3   | Reached XP level 13. HP: 79/82 MP: 28/28
 18680 | Lair:3   | Reached skill level 6 in Shields
 18801 | Lair:3   | Reached skill level 7 in Shields
 19168 | Lair:3   | Reached skill level 8 in Shields
 19799 | Lair:3   | Reached skill level 9 in Shields
 20573 | Lair:4   | Reached skill level 10 in Shields
 20670 | Lair:4   | Found an ancient bone altar of Kikubaaqudgha.
 21799 | Lair:5   | Reached skill level 11 in Shields
 22604 | Lair:6   | Entered Level 6 of the Lair of Beasts
 22604 | Lair:6   | Found a viscous altar of Jiyva.
 22604 | Lair:6   | Found a staircase to the Slime Pits.
 23046 | Lair:6   | Reached skill level 12 in Shields
 23544 | Lair:5   | Gained mutation: Your large and strong wings let you fly indefinitely. [Gargoyle growth]
 23544 | Lair:5   | Reached XP level 14. HP: 74/88 MP: 13/29
 23650 | Lair:5   | Reached skill level 13 in Shields
 24410 | Lair:6   | Offered knowledge of Conjure Ball Lightning by Vehumet.
 24949 | Lair:6   | Reached skill level 14 in Shields
 26842 | D:12     | Reached skill level 1 in Evocations
 27386 | D:12     | Found a staircase to the Orcish Mines.
 27394 | D:12     | Learned a level 6 spell: Conjure Ball Lightning
 27840 | Orc:1    | Entered Level 1 of the Orcish Mines
 28020 | Orc:1    | Reached skill level 15 in Shields
 28094 | Orc:1    | Reached skill level 2 in Evocations
 28456 | Orc:1    | Reached skill level 3 in Evocations
 29005 | Orc:2    | Entered Level 2 of the Orcish Mines
 29430 | Orc:2    | Reached ****** piety under Vehumet
 29594 | Orc:2    | Found Geor's Food Boutique.
 29596 | Orc:2    | Reached skill level 4 in Evocations
 30353 | Orc:2    | Reached skill level 5 in Evocations
 30924 | Orc:2    | Offered knowledge of Fireball by Vehumet.
 31000 | Orc:2    | Learned a level 5 spell: Fireball
 31082 | Orc:2    | Found a staircase to the Elven Halls.
 31158 | Orc:2    | Noticed an orc warlord
 31509 | Orc:1    | Killed an orc warlord
 32110 | Orc:2    | Reached skill level 8 in Fire Magic
 32189 | Orc:2    | Reached XP level 15. HP: 92/92 MP: 9/30
 32319 | Orc:2    | Found Zuqoal's Antique Weapon Shop.
 32339 | Orc:2    | Found a roughly hewn altar of Beogh.
 32561 | Orc:2    | Found Mofraub's Weapon Emporium.
 32761 | Orc:2    | Reached skill level 9 in Fire Magic
 32896 | Orc:2    | Found a roughly hewn altar of Beogh.
 33378 | Orc:2    | Found Tepsi's Antique Armour Shop.
 33552 | Orc:2    | Bought an ancient dagger for 154 gold pieces
 33552 | Orc:2    | Bought a transparent hunting sling for 143 gold pieces
 33552 | Orc:2    | Bought a pitted trident for 187 gold pieces
 34324 | D:12     | Reached skill level 10 in Fire Magic
 34459 | D:13     | Identified the +4 dagger of Rulav {elec, *Drain MR+ Int+3 Stlth+} (You bought it in a shop on level 2 of the Orcish Mines)
 34750 | D:13     | Reached skill level 2 in Dodging
 35141 | D:13     | Reached skill level 3 in Dodging
 35307 | D:13     | Offered knowledge of Iron Shot by Vehumet.
 35325 | D:13     | Learned a level 6 spell: Iron Shot
 35643 | D:13     | Reached skill level 4 in Dodging
 35965 | D:13     | Found a gate to the Vaults.
 36558 | D:14     | Reached skill level 5 in Dodging
 37370 | D:14     | Reached skill level 6 in Dodging
 37722 | D:14     | Reached skill level 7 in Dodging
 38287 | D:14     | Found a radiant altar of Vehumet.
 38402 | D:15     | Entered Level 15 of the Dungeon
 38545 | D:15     | Reached skill level 8 in Dodging
 38901 | D:15     | Reached XP level 16. HP: 97/97 MP: 26/31
 39197 | D:15     | Reached skill level 9 in Dodging
 39663 | D:15     | Got an encrusted ring mail
 39787 | D:15     | Found a staircase to the Depths.
 40138 | Swamp:1  | Entered Level 1 of the Swamp
 40666 | Swamp:1  | Reached skill level 10 in Dodging
 41210 | Swamp:2  | Reached skill level 6 in Conjurations
 41480 | Swamp:2  | Reached skill level 7 in Conjurations
 41624 | Swamp:2  | Got an ancient rapier
 41630 | Swamp:2  | Noticed a thorn hunter
 41637 | Swamp:2  | Killed a thorn hunter
 41640 | Swamp:2  | Identified the +11 rapier of Evil {flame, *Slow Fragile rF++ rC+++} (You found it on level 2 of the Swamp)
 41688 | Swamp:2  | Reached skill level 8 in Conjurations
 41871 | Swamp:2  | Got a crystal falchion
 41872 | Swamp:2  | Identified the +8 falchion of Accidental Termination {freeze, +Rage Dex+4} (You found it on level 2 of the Swamp)
 41897 | Swamp:2  | Offered knowledge of Spellforged Servitor by Vehumet.
 41981 | Swamp:2  | Reached skill level 9 in Conjurations
 43006 | Swamp:3  | Noticed a thorn hunter
 43010 | Swamp:3  | Killed a thorn hunter
 43010 | Swamp:3  | Reached skill level 10 in Conjurations
 43143 | Swamp:3  | Reached skill level 12 in Spellcasting
 43896 | Snake:1  | Entered Level 1 of the Snake Pit
 43906 | Snake:1  | Found Heoppeam's Magic Scroll Emporium.
 43928 | Snake:1  | Found Poseang's Weapon Shoppe.
 43990 | Snake:1  | Found a flickering gateway to a bazaar.
 44002 | Bazaar   | Entered a bazaar
 44004 | Bazaar   | Found Dackeot's Distillery.
 44008 | Bazaar   | Found Ulu Tol's Antique Weapon Boutique.
 44008 | Bazaar   | Found Tufuz's Gadget Boutique.
 44009 | Bazaar   | Found Kat Raudd's Magic Scroll Boutique.
 44042 | Bazaar   | Bought a potion of curing for 33 gold pieces
 44042 | Bazaar   | Bought a potion of haste for 110 gold pieces
 44042 | Bazaar   | Bought a potion of mutation for 88 gold pieces
 44042 | Bazaar   | Bought a potion of curing for 33 gold pieces
 44042 | Bazaar   | Bought a potion of curing for 33 gold pieces
 44047 | Bazaar   | Bought a scroll of enchant armour for 52 gold pieces
 44047 | Bazaar   | Bought a scroll of identify for 14 gold pieces
 44047 | Bazaar   | Bought a scroll of amnesia for 24 gold pieces
 44047 | Bazaar   | Bought a scroll of teleportation for 21 gold pieces
 44066 | Bazaar   | Bought a potion of cancellation for 88 gold pieces
 44066 | Bazaar   | Bought a potion of cancellation for 88 gold pieces
 44066 | Bazaar   | Bought a potion of magic for 88 gold pieces
 44071 | Bazaar   | Bought a scroll of remove curse for 21 gold pieces
 44077 | Bazaar   | Bought a glowing blowgun for 214 gold pieces
 44260 | Snake:1  | Noticed Aizul
 44264 | Snake:1  | Killed Aizul
 44453 | Snake:1  | Reached XP level 17. HP: 102/102 MP: 7/33
 44627 | Snake:1  | Found Xutuam's Magic Scroll Emporium.
 44628 | Snake:1  | Found Gesk's Book Shop.
 44635 | Snake:1  | Noticed Nikola
 44644 | Snake:1  | Killed Nikola
 44644 | Snake:1  | Reached skill level 13 in Spellcasting
 44744 | Snake:1  | Bought a book of Annihilations for 1545 gold pieces
 45220 | Snake:2  | Found a flickering gateway to a bazaar.
 45246 | Snake:2  | Reached skill level 11 in Earth Magic
 45259 | Bazaar   | Entered a bazaar
 45385 | Bazaar   | Found Peyjilaj's Book Shop.
 45398 | Bazaar   | Found Wuhu Ruk's Jewellery Shop.
 45703 | Snake:2  | You are sucked into a shaft!
 46056 | Snake:3  | Reached skill level 12 in Earth Magic
 46252 | Snake:3  | Offered knowledge of Orb of Destruction by Vehumet.
 46262 | Snake:3  | Learned a level 7 spell: Orb of Destruction
 47129 | Snake:3  | Reached skill level 11 in Conjurations
 47384 | Snake:2  | Noticed Agnes
 47658 | Snake:2  | Killed Agnes
 47677 | Snake:2  | Reached skill level 12 in Conjurations
 48423 | Snake:2  | Got a warped mace
 48424 | Snake:2  | Identified the +6 mace of the Tent {freeze, +Blink Dex+2} (You found it on level 2 of the Snake Pit)
 49130 | Swamp:4  | Entered Level 4 of the Swamp
 49140 | Swamp:4  | Reached skill level 13 in Conjurations
 49438 | Swamp:4  | Reached XP level 18. HP: 107/107 MP: 15/35
 49441 | Swamp:4  | Noticed a tentacled monstrosity
 49467 | Swamp:4  | HP: 19/107 [tentacled monstrosity (8)]
 49468 | Swamp:4  | Killed a tentacled monstrosity
 49981 | Swamp:4  | Reached skill level 14 in Conjurations
 50178 | Swamp:4  | Noticed the 27-headed Lernaean hydra
 50371 | Swamp:4  | Killed the 27-headed Lernaean hydra
 50375 | Swamp:4  | Reached skill level 15 in Conjurations
 50689 | Swamp:4  | Reached skill level 6 in Evocations
 50776 | Swamp:4  | Got a polished great sword
 50823 | Swamp:4  | Offered knowledge of Shatter by Vehumet.
 50823 | Swamp:4  | Offered knowledge of Tornado by Vehumet.
 50866 | Swamp:4  | Got a decaying rune of Zot
 51169 | Snake:4  | Entered Level 4 of the Snake Pit
 51430 | Snake:4  | Reached skill level 7 in Evocations
 51791 | Snake:4  | Reached skill level 8 in Evocations
 52199 | Snake:4  | Reached skill level 9 in Evocations
 52842 | Snake:4  | Reached skill level 11 in Fire Magic
 52995 | Snake:4  | Reached XP level 19. HP: 112/112 MP: 22/36
 53164 | Snake:4  | Noticed Kirke
 53514 | Snake:4  | Killed Kirke
 54119 | Snake:4  | Reached skill level 16 in Conjurations
 54446 | Snake:4  | Got a serpentine rune of Zot
 54605 | Lair:1   | Upgraded the game from 0.22-a0-362-g535178c to 0.22-a0-367-gb72a975
 54765 | Vaults:1 | Entered Level 1 of the Vaults
 55393 | Vaults:1 | Learned a level 8 spell: Lehudib's Crystal Spear
 55532 | Vaults:1 | Noticed Totori's ghost (adept HuHu)
 55533 | Vaults:1 | Reached skill level 17 in Conjurations
 55909 | Vaults:1 | Found Fohaveimm's General Store.
 57336 | Vaults:1 | Reached skill level 18 in Conjurations
 57938 | Vaults:1 | Killed Totori's ghost
 57938 | Vaults:1 | Reached skill level 13 in Earth Magic
 57938 | Vaults:1 | Reached XP level 20. HP: 117/117 MP: 2/37
 58612 | Vaults:2 | Reached skill level 14 in Earth Magic
 58872 | Vaults:2 | Noticed Torax's ghost (adept FeEE)
 58873 | Vaults:2 | Killed Torax's ghost
 59657 | Vaults:2 | Reached skill level 15 in Earth Magic
 60592 | Vaults:2 | Reached skill level 16 in Earth Magic
 61773 | Vaults:3 | Reached skill level 17 in Earth Magic
 62112 | Vaults:3 | Found a gateway to a bazaar.
 62124 | Bazaar   | Entered a bazaar
 62124 | Bazaar   | Found Lugywk's Antique Armour Boutique.
 62124 | Bazaar   | Found Laem Ick's Jewellery Shop.
 62124 | Bazaar   | Found Onwuruh's Jewellery Shop.
 62137 | Bazaar   | Bought a crude cloak for 266 gold pieces
 62137 | Bazaar   | Identified the +0 cloak "Timp" {*Slow Int+5 Dex+4} (You bought it in a shop in a bazaar)
 62158 | Bazaar   | Bought a bloodstained cloak for 266 gold pieces
 62158 | Bazaar   | Identified the cursed +0 cloak "Jugousor" {rCorr Int+4} (You bought it in a shop in a bazaar)
 63147 | Vaults:3 | Found a staircase to the Crypt.
 63154 | Vaults:3 | Reached XP level 21. HP: 122/122 MP: 15/38
 63510 | Vaults:4 | Noticed Frederick
 63513 | Vaults:4 | Killed Frederick
 63513 | Vaults:4 | Reached skill level 19 in Conjurations
 63625 | Vaults:4 | Noticed Donald
 63732 | Vaults:4 | Noticed Margery
 63957 | Vaults:4 | Killed Donald
 64118 | Vaults:4 | Found Jeopnav's Antique Weapon Boutique.
 64153 | Vaults:4 | Reached skill level 11 in Fighting
 64549 | Vaults:4 | Noticed Saint Roka
 64554 | Vaults:4 | Killed Saint Roka
 64554 | Vaults:4 | Reached skill level 12 in Fighting
 64978 | Vaults:4 | HP: 30/127 [hell knight/long sword[Margery] (15)]
 65680 | Vaults:4 | Reached skill level 13 in Fighting
 66876 | Vaults:4 | Killed Margery
 66980 | Vaults:4 | Upgraded the game from 0.22-a0-367-gb72a975 to 0.22-a0-368-g870eee8
 67582 | Elf:1    | Entered Level 1 of the Elven Halls
 67599 | Elf:1    | Reached skill level 14 in Fighting
 68137 | Elf:1    | Reached skill level 15 in Fighting
 68537 | Elf:1    | Reached XP level 22. HP: 113/140 MP: 20/39
 68630 | Elf:1    | Got an ichor-stained short sword
 69518 | Elf:2    | Reached skill level 20 in Conjurations
 69603 | Elf:2    | Reached skill level 3 in Stealth
 69664 | Elf:2    | Found an ancient bone altar of Kikubaaqudgha.
 69785 | Elf:2    | Reached skill level 4 in Stealth
 69810 | Elf:2    | Found a runed gate.
 69810 | Elf:2    | Found a runed gate.
 70024 | Elf:2    | Found a runed gate.
 70037 | Elf:2    | Noticed Azrael
 70255 | Elf:2    | Reached skill level 5 in Stealth
 70382 | Elf:2    | Killed Azrael
 70451 | Elf:2    | Reached skill level 6 in Stealth
 70664 | Elf:2    | Reached skill level 7 in Stealth
 71018 | Elf:3    | Entered Level 3 of the Elven Halls
 71058 | Elf:3    | Reached skill level 8 in Stealth
 71226 | Elf:3    | Got a pitted chain mail
 71475 | Elf:3    | Found Zesahung's Book Shoppe.
 72542 | Elf:3    | Reached skill level 14 in Spellcasting
 72622 | Elf:3    | Got a scorched granite ring
 72837 | Elf:3    | Found the +27 Lear's hauberk
 72957 | Elf:3    | HP: 34/140 [deep elf master archer/arrow (16)]
 73219 | Elf:3    | Identified the Almanac of the Lethal Arsonist
 73229 | Elf:3    | Got a distressingly furry ring mail
 73236 | Elf:3    | Identified the ring "Idots" {*Slow rElec rPois rC+ Dex+3} (You found it on level 3 of the Elven Halls)
 73239 | Elf:3    | Identified the amulet "Koegerghi" {+Rage Int+2} (You took it off a deep elf sorcerer on level 3 of the Elven Halls)
 73241 | Elf:3    | Identified the ring of Oridokir {Fire Str+4} (You took it off a deep elf knight on level 3 of the Elven Halls)
 73251 | Elf:3    | Got a heavily runed chain mail
 73254 | Elf:3    | Identified the amulet "Fubefyu Capp" {Gourm rN++} (You found it on level 3 of the Elven Halls)
 73984 | Elf:3    | Got an ichor-stained flail
 73987 | Elf:3    | Got a distressingly furry plate armour
 74345 | Lair:1   | Learned a level 3 spell: Regeneration
 74351 | Lair:1   | Learned a level 5 spell: Dispel Undead
 74447 | Slime:1  | Entered Level 1 of the Pits of Slime
 74450 | Slime:1  | Reached skill level 1 in Necromancy
 74457 | Slime:1  | Reached skill level 2 in Necromancy
 75185 | Slime:1  | Reached skill level 3 in Necromancy
 75893 | Crypt:1  | Entered Level 1 of the Crypt
 76030 | Crypt:1  | Reached skill level 1 in Charms
 76461 | Crypt:1  | Reached skill level 4 in Necromancy
 77176 | Crypt:2  | Reached skill level 2 in Charms
 77261 | Crypt:2  | Reached XP level 23. HP: 100/144 MP: 25/41
 77784 | Crypt:2  | Reached skill level 5 in Necromancy
 78271 | Crypt:2  | Reached skill level 6 in Necromancy
 79369 | Crypt:2  | Found a basalt altar of Yredelemnul.
 79463 | Crypt:2  | Reached skill level 7 in Necromancy
 79767 | Crypt:3  | Entered Level 3 of the Crypt
 80208 | Crypt:3  | Reached skill level 8 in Necromancy
 81208 | Crypt:3  | Reached skill level 9 in Necromancy
 82004 | Crypt:3  | Found an ancient bone altar of Kikubaaqudgha.
 82006 | Crypt:3  | Noticed an ancient lich
 82012 | Crypt:3  | Killed an ancient lich
 82012 | Crypt:3  | Reached skill level 10 in Necromancy
 82312 | Crypt:3  | Noticed an ancient lich
 82318 | Crypt:3  | Killed an ancient lich
 82318 | Crypt:3  | Reached skill level 15 in Spellcasting
 82746 | Crypt:3  | Noticed an ancient lich
 82806 | Crypt:3  | Killed an ancient lich
 83345 | Crypt:3  | Found a staircase to the Tomb.
 83839 | Lair:1   | Learned a level 9 spell: Fire Storm
 84018 | Slime:2  | Reached skill level 12 in Fire Magic
 84023 | Slime:2  | Reached XP level 24. HP: 141/150 MP: 6/42
 84389 | Slime:2  | Gained mutation: Scrolls take you a little longer to read. [a shining eye]
 84477 | Slime:2  | Reached skill level 13 in Fire Magic
 85252 | Slime:2  | Reached skill level 14 in Fire Magic
 86804 | Slime:3  | Reached skill level 15 in Fire Magic
 88947 | Lair:1   | Identified the +7 flail "Yxzol" {venom, SInv} (You found it on level 3 of the Elven Halls)
 89253 | Vaults:5 | Entered Level 5 of the Vaults
 89256 | Vaults:5 | Reached skill level 16 in Fire Magic
 89268 | Vaults:5 | Noticed Jory
 89491 | Vaults:5 | Reached XP level 25. HP: 113/155 MP: 12/42
 89494 | Vaults:5 | Reached skill level 17 in Fire Magic
 89513 | Vaults:5 | Killed Jory
 89513 | Vaults:5 | Reached skill level 18 in Fire Magic
 89537 | Vaults:5 | Reached skill level 21 in Conjurations
 89594 | Vaults:5 | Gained mutation: You tend to lose your temper in combat. [mutagenic glow]
 89622 | Vaults:5 | Gained mutation: Your magical capacity is low. (-10% MP) [mutagenic glow]
 89635 | Vaults:5 | Found the +8 lance "Wyrmbane" {slay drac, rPois rF+ rC+ AC+3}
 89667 | Vaults:5 | Got a silver rune of Zot
 90004 | Lair:1   | Lost mutation: You tend to lose your temper in combat. [potion of mutation]
 90004 | Lair:1   | Lost mutation: Your magical capacity is low. (-10% MP) [potion of mutation]
 90004 | Lair:1   | Lost mutation: Scrolls take you a little longer to read. [potion of mutation]
 90004 | Lair:1   | Gained mutation: You expend magic power (3 MP) to strengthen your wands. [potion of mutation]
 90004 | Lair:1   | Gained mutation: You occasionally shout uncontrollably at your foes. [potion of mutation]
 90004 | Lair:1   | Gained mutation: You passively map a small area around you. [potion of mutation]
 90004 | Lair:1   | Gained mutation: You passively map the area around you. [potion of mutation]
 90320 | Vaults:5 | Got a scorched long sword {freeze}
 90442 | Vaults:5 | Got a shimmering plate armour
 90974 | Vaults:5 | Found the +3 salamander hide armour {+Rage rF++}
 90995 | Vaults:5 | Got a brightly glowing robe
 90996 | Vaults:5 | Identified the +1 robe "Pavownur" {rF+} (You found it on level 5 of the Vaults)
 91222 | Vaults:5 | Identified the +8 long sword of Earthquakes {freeze, *Corrode Str+6} (You took it off a deep elf knight on level 5 of the Vaults)
 91672 | Lair:1   | Upgraded the game from 0.22-a0-368-g870eee8 to 0.22-a0-369-gc73351f
 91832 | Depths:1 | Entered Level 1 of the Depths
 91841 | Depths:1 | Reached skill level 19 in Fire Magic
 91860 | Depths:1 | Noticed Asterion
 91860 | Depths:1 | Killed Asterion
 92253 | Depths:1 | Found a one-way gate leading to the halls of Pandemonium.
 92634 | Depths:1 | Found a gateway to Hell.
 92768 | Depths:1 | Reached XP level 26. HP: 160/160 MP: 38/42
 92789 | Depths:1 | Reached skill level 22 in Conjurations
 92930 | Depths:1 | Killed the Enchantress
 92977 | Depths:1 | Found the faerie dragon scales
 92977 | Depths:1 | Got faerie dragon scales
 92989 | Depths:1 | Identified the +5 faerie dragon scales {rElec rPois rCorr Str+4} (You took it off the Enchantress on level 1 of the Depths)
 93012 | Depths:1 | Cast into level 5 of the Abyss (a distortion unwield)
 93012 | Abyss:5  | Entered Level 5 of the Abyss
 93040 | Depths:1 | Escaped the Abyss
 93213 | Depths:2 | Reached skill level 16 in Spellcasting
 94719 | Depths:3 | Reached skill level 17 in Spellcasting
 95013 | Depths:3 | Found an opulent altar of Gozag.
 95180 | Depths:3 | Learned a level 2 spell: Blink
 95222 | Depths:3 | Reached skill level 18 in Spellcasting
 95744 | Depths:3 | Found a blossoming altar of Fedhas.
 95744 | Depths:3 | Found a gateway to a ziggurat.
 95778 | Depths:3 | Noticed a juggernaut
 95782 | Depths:3 | Killed a juggernaut
 95782 | Depths:3 | Reached skill level 16 in Fighting
 95782 | Depths:3 | Reached XP level 27. HP: 166/168 MP: 30/45
 96546 | Depths:3 | Got a spiked cloak
 96549 | Depths:3 | Got a pair of shimmering gloves
 96562 | Depths:3 | Identified the +1 pair of gloves of Baldness {Str+3} (You found it on level 3 of the Depths)
 96586 | Depths:3 | Identified the +0 cloak of the Game Afoot {rElec rC+ MP+9 Int+4} (You found it on level 3 of the Depths)
 96726 | Depths:3 | Found a basalt altar of Yredelemnul.
 96977 | Depths:3 | Found a hazy altar of Hepliaklqana.
 97145 | Depths:4 | Reached skill level 17 in Fighting
 97878 | Depths:4 | Found a one-way gate to the infinite horrors of the Abyss.
 97979 | Depths:4 | Reached skill level 18 in Fighting
 99015 | Lair:1   | Identified the +5 ring mail of Insatiable Hunger {rElec MR+} (You found it on level 3 of the Elven Halls)
 99016 | Lair:1   | Identified the +3 ring mail of Tyfoih {+Fly Str+3 Dex+2} (You took it off a rakshasa on level 15 of the Dungeon)
 99017 | Lair:1   | Identified the +5 chain mail of Limitation {MR+ Int+2 Stlth+} (You found it on level 3 of the Elven Halls)
 99018 | Lair:1   | Identified the +7 chain mail of the Circus Animal {*Corrode Str+5 Dex+3} (You found it on level 3 of the Elven Halls)
 99019 | Lair:1   | Identified the +1 plate armour "Wuxecan" {-Cast rN+++ rCorr SInv} (You found it on level 3 of the Elven Halls)
 99020 | Lair:1   | Identified the +1 plate armour of Whack-A-Mole {+Fly rC+ rN++ Slay-5} (You found it on level 5 of the Vaults)
 99189 | Orc:2    | Bought a shimmering leather armour for 217 gold pieces
 99189 | Orc:2    | Identified the +2 leather armour "Mulun" {Dex+4} (You bought it in a shop on level 2 of the Orcish Mines)
 99201 | Orc:2    | Bought a ration for 50 gold pieces
 99201 | Orc:2    | Bought a ration for 50 gold pieces
 99201 | Orc:2    | Bought a ration for 50 gold pieces
 99201 | Orc:2    | Bought a ration for 50 gold pieces
 99201 | Orc:2    | Bought a ration for 50 gold pieces
 99201 | Orc:2    | Bought a ration for 50 gold pieces
 99201 | Orc:2    | Bought a ration for 50 gold pieces
 99201 | Orc:2    | Bought a ration for 50 gold pieces
 99201 | Orc:2    | Bought a ration for 50 gold pieces
 99201 | Orc:2    | Bought a ration for 50 gold pieces
 99201 | Orc:2    | Bought a ration for 50 gold pieces
 99438 | Depths:5 | Entered Level 5 of the Depths
 99439 | Depths:5 | Reached skill level 19 in Fighting
 99566 | Depths:5 | Reached skill level 9 in Stealth
 99582 | Depths:5 | Reached skill level 10 in Stealth
 99683 | Depths:5 | Found Ifiuca's Jewellery Shoppe.
 99860 | Depths:5 | Reached skill level 11 in Stealth
 99862 | Depths:5 | Noticed Sojobo
 99864 | Depths:5 | Killed Sojobo
100006 | Depths:5 | Reached skill level 12 in Stealth
100181 | Depths:5 | Reached skill level 11 in Dodging
100335 | Depths:5 | Reached skill level 12 in Dodging
100423 | Depths:5 | Found a runed door.
100423 | Depths:5 | Found a runed door.
100701 | Depths:5 | Found a runed door.
100701 | Depths:5 | Found a runed door.
100712 | Depths:5 | Found a gate to the Realm of Zot.
100734 | Depths:5 | Found a runed door.
100734 | Depths:5 | Found a runed door.
100739 | Depths:5 | Found Ataiv's Gadget Boutique.
100865 | Depths:5 | Found Qanecod's Antique Armour Shoppe.
100869 | Depths:5 | Bought a scorched leather armour for 315 gold pieces
100869 | Depths:5 | Identified the +3 leather armour of Panentheism {*Contam rC+ Str+4} (You bought it in a shop on level 5 of the Depths)
100978 | Depths:5 | Found a shimmering altar of Xom.
101242 | Depths:5 | Reached skill level 13 in Dodging
101634 | Lair:1   | Learned a level 6 spell: Death Channel
101753 | Slime:5  | Entered Level 5 of the Pits of Slime
101980 | Slime:5  | Gained mutation: You are weak. (Str -2) [a shining eye]
102312 | Slime:5  | Gained mutation: You sometimes yell uncontrollably at your foes. [a shining eye]
102768 | Slime:5  | Noticed the Royal Jelly
103144 | Slime:5  | Killed the Royal Jelly
103144 | Slime:5  | Reached skill level 20 in Fire Magic
103174 | Slime:5  | Found the +9 staff of Wucad Mu {channel}
103175 | Slime:5  | Found the ring of Robustness {AC+8}
103192 | Slime:5  | Got a wavering turquoise ring
103194 | Slime:5  | Got a pitted ring mail
103267 | Slime:5  | Got a slimy rune of Zot
103294 | Slime:5  | Identified the Compendium of Earthen Heat
103369 | Slime:5  | Identified the cursed ring "Jitila" {rF++ Int-5 Slay-3} (You found it on level 5 of the Pits of Slime)
103442 | Slime:5  | Got a crystal rapier
103448 | Slime:5  | Identified the cursed +0 ring mail of Refuge {rF+ Int+3} (You found it on level 5 of the Pits of Slime)
103455 | Slime:5  | Got a brightly glowing triple sword
103498 | Slime:5  | Identified the cursed +0 arbalest "Hydrabane" {velocity, rF+ Str-4 Int+4 Dex+4} (You found it on level 5 of the Pits of Slime)
103953 | Zot:1    | Entered Level 1 of the Realm of Zot
104166 | Zot:1    | Reached skill level 14 in Dodging
104250 | Depths:5 | Upgraded the game from 0.22-a0-369-gc73351f to 0.22-a0-373-gab1296c
104287 | Zot:1    | Reached skill level 15 in Dodging
104519 | Zot:1    | Reached skill level 16 in Dodging
104862 | Zot:1    | Got an encrusted leather armour
105031 | Zot:1    | Got an ichor-stained leather armour
105032 | Zot:1    | Identified the cursed +0 leather armour of the Battered Wishes {Int+3} (You took it off a human on level 1 of the Realm of Zot)
105034 | Zot:1    | Identified the cursed +1 leather armour of the Skies Above {Stlth+} (You found it on level 1 of the Realm of Zot)
105186 | Zot:1    | Got a transparent copper ring
105188 | Zot:1    | Identified the cursed ring "Nurham" {rN++ Str-3} (You found it on level 1 of the Realm of Zot)
105770 | Zot:2    | Reached skill level 17 in Dodging
106134 | Zot:2    | Reached skill level 10 in Evocations
106888 | Zot:3    | Reached skill level 11 in Evocations
107024 | Zot:3    | Reached skill level 12 in Evocations
107100 | Zot:3    | Noticed an orb of fire
107103 | Zot:3    | Killed an orb of fire
107433 | Zot:3    | Reached skill level 13 in Evocations
108531 | Zot:4    | Noticed an orb of fire
108531 | Zot:4    | Gained mutation: You are dopey. (Int -2) [an orb of fire]
108629 | Zot:4    | Gained mutation: Your spells are a little easier to cast, but a little less powerful. [an orb of fire]
108631 | Zot:4    | Killed an orb of fire
108729 | Zot:4    | Reached skill level 23 in Conjurations
109807 | Zot:4    | Reached skill level 21 in Fire Magic
109912 | Zot:5    | Entered Level 5 of the Realm of Zot
110062 | Zot:5    | Noticed an ancient lich
110066 | Zot:5    | Killed an ancient lich
110150 | Zot:5    | Noticed an orb of fire
110154 | Zot:5    | Killed an orb of fire
110184 | Zot:5    | Noticed an orb of fire
110184 | Zot:5    | Gained mutation: You are frail. (-10% HP) [an orb of fire]
110324 | Depths:5 | Bought the +5 robe of Night {Dark MR+ SInv} for 2700 gold pieces
110324 | Depths:5 | Found the +5 robe of Night {Dark MR+ SInv}
110691 | Elf:3    | Bought a book of Dreams for 900 gold pieces
110697 | Elf:3    | Learned a level 5 spell: Borgnjor's Vile Clutch
111173 | Depths:4 | Voluntarily entered the Abyss.
111204 | Abyss:1  | Learned a level 1 spell: Apportation
111365 | Abyss:1  | Reached skill level 19 in Spellcasting
111630 | Depths:4 | Escaped the Abyss
111644 | Depths:4 | Voluntarily entered the Abyss.
111644 | Abyss:1  | Noticed an ancient lich
111646 | Abyss:1  | Killed an ancient lich
111684 | Abyss:1  | Found a hide-covered altar of Uskayaw.
111790 | Abyss:1  | Found a hide-covered altar of Uskayaw.
111833 | Depths:4 | Escaped the Abyss
111918 | Depths:4 | Voluntarily entered the Abyss.
112696 | Abyss:2  | Reached skill level 20 in Spellcasting
112998 | Abyss:2  | Found a corrupted altar of Lugonu.
113127 | Abyss:2  | Found a corrupted altar of Lugonu.
113140 | Abyss:2  | Found a corrupted altar of Lugonu.
113290 | Abyss:2  | Reached skill level 18 in Earth Magic
113366 | Abyss:3  | Found a corrupted altar of Lugonu.
113407 | Abyss:3  | Got a warped war axe
113860 | Abyss:3  | Reached skill level 19 in Earth Magic
113890 | Depths:4 | Escaped the Abyss
113911 | Depths:4 | Learned a level 9 spell: Shatter
114141 | Depths:4 | Voluntarily entered the Abyss.
114141 | Abyss:1  | Noticed an ancient lich
114144 | Abyss:1  | Killed an ancient lich
114201 | Abyss:1  | Reached skill level 20 in Earth Magic
114230 | Abyss:1  | Paralysed by accursed screaming for 1 turns
114388 | Abyss:1  | Gained mutation: Your magical capacity is low. (-10% MP) [a cacodemon]
114714 | Abyss:1  | Gained mutation: You are clumsy. (Dex -2) [a neqoxec]
114721 | Abyss:1  | Reached skill level 21 in Earth Magic
114749 | Abyss:1  | Gained mutation: You are very frail. (-20% HP) [a shining eye]
115098 | Abyss:3  | Got an abyssal rune of Zot
115168 | Abyss:3  | Found a snail-covered altar of Cheibriados.
115187 | Depths:4 | Escaped the Abyss
115485 | Lair:1   | Lost mutation: You are very clumsy. (Dex -4) [potion of mutation]
115485 | Lair:1   | Lost mutation: Your spells are a little easier to cast, but a little less powerful. [potion of mutation]
115485 | Lair:1   | Lost mutation: You are weak. (Str -2) [potion of mutation]
115485 | Lair:1   | Gained mutation: You have large cloven feet. [potion of mutation]
115737 | Hell     | Entered the Vestibule of Hell
115737 | Hell     | Noticed Geryon
115741 | Hell     | Killed Geryon
115741 | Hell     | Reached skill level 22 in Earth Magic
116291 | Hell     | Reached skill level 21 in Spellcasting
116314 | Depths:1 | Learned a level 8 spell: Infestation
116527 | Hell     | Found a gateway to the decaying netherworld of Tartarus.
116684 | Hell     | Found a gateway to the freezing wastes of Cocytus.
116771 | Hell     | Found a gateway to the Iron City of Dis.
116881 | Hell     | Found a gateway to the ashen valley of Gehenna.
117967 | Vaults:1 | Bought a potion of heal wounds for 65 gold pieces
117967 | Vaults:1 | Bought a potion of haste for 130 gold pieces
117967 | Vaults:1 | Bought a scroll of amnesia for 45 gold pieces
118115 | D:10     | Bought 2 potions of agility for 112 gold pieces
118115 | D:10     | Bought a scroll of holy word for 105 gold pieces
118115 | D:10     | Bought a potion of agility for 56 gold pieces
118158 | D:9      | Bought a ration for 55 gold pieces
118158 | D:9      | Bought a ration for 55 gold pieces
118158 | D:9      | Bought a ration for 55 gold pieces
118158 | D:9      | Bought a ration for 55 gold pieces
118158 | D:9      | Bought a ration for 55 gold pieces
118158 | D:9      | Bought a ration for 55 gold pieces
118158 | D:9      | Bought a ration for 55 gold pieces
118158 | D:9      | Bought a ration for 55 gold pieces
118263 | Snake:1  | Bought a scroll of identify for 30 gold pieces
118263 | Snake:1  | Bought a scroll of blinking for 112 gold pieces
118263 | Snake:1  | Bought a scroll of teleportation for 45 gold pieces
118263 | Snake:1  | Bought a scroll of teleportation for 45 gold pieces
118263 | Snake:1  | Bought a scroll of identify for 30 gold pieces
118263 | Snake:1  | Bought a scroll of identify for 30 gold pieces
118263 | Snake:1  | Bought a scroll of blinking for 112 gold pieces
118263 | Snake:1  | Bought a scroll of fog for 30 gold pieces
118263 | Snake:1  | Bought a scroll of identify for 30 gold pieces
118263 | Snake:1  | Bought a scroll of identify for 30 gold pieces
118311 | Snake:1  | Bought a scroll of identify for 32 gold pieces
118311 | Snake:1  | Bought a scroll of fear for 56 gold pieces
118311 | Snake:1  | Bought a scroll of identify for 32 gold pieces
118311 | Snake:1  | Bought a scroll of identify for 32 gold pieces
119126 | Geh:1    | Entered Level 1 of Gehenna
119946 | Geh:1    | HP: 34/140 [???[the effects of Hell] (6)]
119951 | Geh:1    | HP: 24/140 [quicksilver dragon zombie (9)]
120340 | Geh:1    | Reached skill level 1 in Armour
120342 | Geh:1    | Reached skill level 2 in Armour
120433 | Geh:1    | Reached skill level 3 in Armour
120457 | Geh:1    | Reached skill level 4 in Armour
120585 | Geh:1    | Reached skill level 5 in Armour
120841 | Geh:1    | Reached skill level 6 in Armour
120999 | Geh:1    | Reached skill level 7 in Armour
121301 | Geh:1    | Reached skill level 8 in Armour
121590 | Geh:2    | Found an ancient bone altar of Kikubaaqudgha.
121763 | Geh:2    | Reached skill level 23 in Earth Magic
122700 | Geh:2    | Reached skill level 24 in Earth Magic
123201 | Hell     | HP: 31/140 [Brimstone Fiend/damnation[the effects of Hell] (32)]
123205 | Hell     | Killed from afar by a Brimstone Fiend

Vault maps used:
D:1:      dpeg_arrival_ratfight
D:2:      gammafunk_temple_overflow_elements, kiku_gazebo_garden_becter
D:3:      lightli_temple_of_fire, nicolae_gozag_cash_rules_everything_around_me,
          first_ration, lemuel_statue_altar
D:4:      cheibrodos_helix_gallery, ashenzari_conservatory_becter,
          ashenzari_altar_1
D:6:      cheibriados_altar_1, led_sif_pool
D:7:      fedhas_altar_2, minmay_temple_entry_from_below_b, uniq_menkaure
D:8:      nicolae_overflow_crystal_walls, erik_lair_orcish_takeover, the_bakery,
          uniq_pikel
D:9:      lemuel_crystal_altar, serial_shops, shop, uniq_maurice
D:10:     special_room, serial_shops, nicolae_shop_window_shopping
D:11:     columned_hall_lemuel
D:12:     orc_0_dummy
D:13:     minmay_statue_hallways, david_vaults_5
D:14:     fort_yaktaur, kennysheep_flooded_box
D:15:     grunt_enter_depths_hoard, nicolae_wwwww, minmay_misc_feat_room
Lair:2:   swamp_mist, dummy_snake_entry
Lair:3:   portal_ice_cave_entry_imps, lemuel_fruit_fields, grunt_megastairs_3,
          infiniplex_staircase_pool, uniq_snorg
Lair:4:   basic_altar, serial_bayou_shore_b
Lair:5:   st_stairs_11
Lair:6:   minmay_lair_end_enchanted_forest, slime_altar_1, serial_forest,
          infiniplex_forest_side_room, infiniplex_forest_lined_1,
          infiniplex_forest_lined_3, infiniplex_forest_lined_room_3,
          infiniplex_forest_straight_4, infiniplex_forest_end_3,
          infiniplex_forest_lined_3_way, infiniplex_forest_clump_long,
          infiniplex_forest_clump_long, infiniplex_forest_clump_diagonal,
          minmay_lair_oklob_chamber
Swamp:1:  hangedman_swamp_diagram
Swamp:2:  evilmike_swamp_ruin_wall
Swamp:3:  evilmike_swamp_ruin_house_2, swamp_pool3
Swamp:4:  swamp_old_school
Snake:1:  serial_shops, bzr_entry_safe, nicolae_shop_statue_plus,
          nicolae_shop_behind_doors, shop_fountains, shop, st_stairs_5,
          uniq_aizul, uniq_nikola
Snake:2:  serial_shops, bzr_in_the_mist, lemuel_fruit_tree, uniq_agnes
Snake:4:  grunt_snake_rune_pools, spider_trap, grunt_ministairs_8, uniq_kirke
Slime:2:  special_room, cheibrodos_slime_lost_civilization_4
Slime:3:  cheibrodos_slime_lost_civilization_10
Slime:4:  nicolae_slime_ancient_tower_intersection
Orc:1:    nicolae_orc_damp_corner
Orc:2:    pubby_orc_utopia, serial_shops
Elf:1:    minmay_elf_arrival_summoners, hangedman_elf_disciples
Elf:2:    basic_altar, uniq_azrael
Elf:3:    elf_hall_gauntlet_narrow, serial_shops, nicolae_shop_crystal
Vaults:1: ontoclasm_vaults_spin, v_misc_30, grunt_vaults_bifocal,
          grunt_vaults_trifunnel, st_cells, serial_ice_g, v_misc_4,
          vaults_mumra_chevron, v_misc_30, hangedman_vaults_restitches,
          serial_shops, shop
Vaults:2: hangedman_vaults_stream, vaults_dpeg_spiral, ontoclasm_vaults_gateway,
          grunt_vaults_swirl, nicolae_vaults_rhombus_6,
          nicolae_vaults_network_quincunx, nicolae_vaults_shelves_hall,
          hangedman_vaults_snaps, v_pattern_2, grunt_vaults_twisty,
          vaults_room_hallway
Vaults:3: ontoclasm_vaults_ring_small, nicolae_vaults_mini_display_case,
          v_alt_pattern_6, nicolae_vaults_theta, vaults_room_stairs_pillars,
          minmay_crypt_entry_simple_corners, dpeg_vaults_monster_box,
          serial_ice_b, serial_shops, bzr_entry_dummy
Vaults:4: grunt_vaults_focal, v_misc_28, ontoclasm_vaults_chip,
          ontoclasm_vaults_idyll, ontoclasm_vaults_loading_screen,
          vaults_room_fours, nicolae_vaults_rhombus_7,
          ontoclasm_vaults_decontamination, serial_shops, nicolae_shop_crystal,
          uniq_donald, uniq_margery, uniq_saint_roka, uniq_frederick
Vaults:5: serial_shops, uniq_jory
Crypt:1:  palyth_stone_intersect
Crypt:2:  basic_altar, lemuel_elevator
Crypt:3:  quadcrypt_mu
Depths:1: grunt_hell_entry_dis_grunt, grunt_pan_entry_in_and_out,
          hangedman_abyss_or_decor_jellyfish_corner, kennysheep_inner_square,
          uniq_asterion, uniq_enchantress
Depths:2: wad_lake_hut, grunt_mini_vestibule, hangedman_decor_riveting,
          lightli_corner_chamber
Depths:3: grunt_profane_halls, serial_shops, hell_entry, pan_entry
Depths:4: minmay_the_grid_octo_tiled_squarecenter_mashed, hell_entry,
          abyss_entry, serial_aquarium, aquarium_bridge_straight,
          aquarium_window_2, aquarium_window_1, aquarium_view_2d,
          aquarium_balcony_1b, minmay_misc_feat_chi, serial_bayou_shore_b,
          minmay_staircase_statues
Depths:5: evilmike_zot_entry_castle, hell_entry, roderic_serpentine_path,
          serial_shops, shop_statue, shop, shop, minmay_misc_feat_ornament,
          xom_teletrap_fun, uniq_sojobo
Geh:2:    lemuel_hellish_altar
Geh:3:    nicolae_geh_amphitheater
Zot:1:    circus_mu
Zot:3:    st_stairs_14
Zot:4:    kennysheep_room_grid, st_stairs_9, st_single_dragon_hoard_3,
          lemuel_flame_loot_1
Abyss:2:  evilmike_abyss_exit_chaos, evilmike_abyss_exit_9
Abyss:3:  evilmike_abyss_exit_15, hangedman_abyss_or_decor_slice,
          grunt_abyss_rune_forest_and_sorcery, grunt_abyss_rune_wretched_hive
Abyss:5:  hangedman_cross_veins, evilmike_abyss_rune_siren_acolytes,
          evilmike_abyss_exit_10
Bazaar:   bazaar_minmay_cross, bazaar_jpeg_cross, bazaar_minmay_generic_box
IceCv:    ice_cave_small_giant

Skill      XL: |  1  2  3  4  5  6  7  8  9 10 11 12 13 14 15 16 17 18 19 20 21 22 23 24 25 26 27 |
---------------+----------------------------------------------------------------------------------+-----
Earth Magic    | 4 5 7 8 10 12 13 17 24 | 24.7
Maces & Flails | 1 3 7 |  7.3
Conjurations   | 3 5 10 13 15 18 19 20 21 22 23 | 23.0
Spellcasting   | 4 5 6 8 10 11 12 13 14 15 18 21 | 21.0
Fighting       | 4 5 9 10 15 16 19 | 19.0
Shields        | 5 12 15 | 15.0
Fire Magic     | 7 8 10 11 12 16 19 21 | 21.0
Evocations     | 5 9 13 | 13.0
Dodging        | 8 10 17 | 17.0
Stealth        | 8 12 | 12.0
Necromancy     | 4 10 | 10.5
Charms         | 2 |  2.0
Armour         | 8 |  8.0
Transmutations | |  0.7

Action                   |  1- 3 |  4- 6 |  7- 9 | 10-12 | 13-15 | 16-18 | 19-21 | 22-24 | 25-27 || total
-------------------------+-------+-------+-------+-------+-------+-------+-------+-------+-------++-------
Melee: Whip              |   124 |   201 |   106 |   236 |    71 |       |       |       |       ||   738
       Unarmed           |     6 |       |       |       |       |       |       |       |       ||     6
       Staff             |       |       |       |       |     4 |       |       |     3 |     2 ||     9
       Demon whip        |       |       |       |       |    24 |       |       |       |     5 ||    29
       Mace              |       |       |       |       |       |       |     7 |       |       ||     7
Throw: Stone             |       |       |       |     4 |     5 |     1 |       |       |       ||    10
       Javelin           |       |       |       |     1 |     5 |     4 |       |       |       ||    10
 Cast: Sandblast         |    28 |    41 |   132 |    81 |   230 |   268 |     6 |     8 |       ||   794
       Stone Arrow       |       |     5 |    53 |   259 |   672 |   196 |    60 |    13 |       ||  1258
       Shock             |       |       |     1 |       |    18 |       |       |       |       ||    19
       Lee's Rapid Decon |       |       |       |     4 |     1 |     1 |     6 |   143 |    81 ||   236
       Bolt of Magma     |       |       |       |    30 |   102 |    22 |    10 |    13 |       ||   177
       Fireball          |       |       |       |       |    85 |    62 |   146 |    17 |     1 ||   311
       Conjure Ball Ligh |       |       |       |       |     1 |       |       |       |       ||     1
       Iron Shot         |       |       |       |       |       |   265 |   323 |   305 |   533 ||  1426
       Orb of Destructio |       |       |       |       |       |    72 |   148 |    82 |    44 ||   346
       Lehudib's Crystal |       |       |       |       |       |       |    18 |   123 |   326 ||   467
       Dispel Undead     |       |       |       |       |       |       |       |   105 |   122 ||   227
       Fire Storm        |       |       |       |       |       |       |       |    10 |   457 ||   467
       Regeneration      |       |       |       |       |       |       |       |     2 |    32 ||    34
       Borgnjor's Vile C |       |       |       |       |       |       |       |       |   144 ||   144
       Apportation       |       |       |       |       |       |       |       |       |    22 ||    22
       Death Channel     |       |       |       |       |       |       |       |       |    13 ||    13
       Shatter           |       |       |       |       |       |       |       |       |    12 ||    12
       Blink             |       |       |       |       |       |       |       |       |     4 ||     4
 Abil: Fly               |       |       |       |       |     1 |       |       |       |     1 ||     2
       Stop Flying       |       |       |       |       |       |       |       |     1 |       ||     1
Evoke: Wand              |       |       |     7 |     1 |     6 |     6 |     2 |     6 |     5 ||    33
       Lightning rod     |       |       |       |     2 |       |       |       |       |       ||     2
       Staff of energy   |       |       |       |       |    20 |    10 |    13 |    17 |   431 ||   491
  Use: Scroll            |       |       |       |    20 |     8 |    12 |     5 |    10 |    38 ||    93
       Potion            |       |       |       |     3 |       |     1 |       |     4 |     5 ||    13
 Stab: Sleeping          |     3 |     4 |       |     2 |       |       |       |       |       ||     9
  Eat: Chunk             |     3 |    10 |    13 |    22 |    56 |    37 |    44 |    29 |    63 ||   277
       Ration            |       |       |     2 |     3 |     3 |     5 |     1 |    12 |    19 ||    45
Armor: Robe              |    70 |    53 |    45 |   143 |   174 |   204 |   100 |   137 |   170 ||  1096
       Fire dragon scale |       |       |       |       |       |       |       |       |    94 ||    94
Dodge: Dodged            |   116 |   173 |   102 |   319 |   213 |   212 |   122 |   174 |   380 ||  1811
Block: Buckler           |       |       |       |    96 |       |       |       |       |       ||    96
       Shield            |       |       |       |     1 |   306 |   273 |   152 |   180 |   431 ||  1343

Table legend:
 A = Spawn XP
 B = Non-spawn XP
 C = Spawn XP percentage of total XP
 D = Spawn monster count
 E = Non-spawn monster count
 F = Spawn count percentage of total count
 G = Total turns spent on level
                    A         B        C        D         E        F      G
               +---------+---------+-------+---------+---------+-------+---------
         Total |  130153 | 2134404 |   5.7 |     234 |    3384 |   6.5 | 123205
               +---------+---------+-------+---------+---------+-------+---------
           D:1 |       0 |      34 |   0.0 |       0 |      23 |   0.0 |  1063
           D:2 |       0 |      86 |   0.0 |       0 |      31 |   0.0 |  1611
           D:3 |       0 |     119 |   0.0 |       0 |      27 |   0.0 |  1008
           D:4 |       0 |     169 |   0.0 |       0 |      13 |   0.0 |   524
           D:5 |       0 |     548 |   0.0 |       0 |      19 |   0.0 |  1329
           D:6 |       0 |     376 |   0.0 |       0 |      15 |   0.0 |  1407
           D:7 |       0 |     837 |   0.0 |       0 |      18 |   0.0 |   984
           D:8 |       0 |    1941 |   0.0 |       0 |      16 |   0.0 |  2589
           D:9 |       0 |    2544 |   0.0 |       0 |      20 |   0.0 |  1246
          D:10 |       0 |    3060 |   0.0 |       0 |      44 |   0.0 |  2147
          D:11 |       0 |    5392 |   0.0 |       0 |      23 |   0.0 |  1911
          D:12 |       0 |    4061 |   0.0 |       0 |      24 |   0.0 |  2633
          D:13 |       0 |   10956 |   0.0 |       0 |      34 |   0.0 |  3661
          D:14 |       0 |   17908 |   0.0 |       0 |      59 |   0.0 |  2582
          D:15 |       0 |   16948 |   0.0 |       0 |      33 |   0.0 |  2266
        Lair:1 |       0 |    3656 |   0.0 |       0 |      22 |   0.0 |  2322
        Lair:2 |       0 |    4606 |   0.0 |       0 |      31 |   0.0 |  1824
        Lair:3 |       0 |    6387 |   0.0 |       0 |      37 |   0.0 |  1477
        Lair:4 |       0 |    5057 |   0.0 |       0 |      20 |   0.0 |  1662
        Lair:5 |       0 |    6635 |   0.0 |       0 |      28 |   0.0 |  2946
        Lair:6 |       0 |   22277 |   0.0 |       0 |      82 |   0.0 |  3185
       Swamp:1 |       0 |   12325 |   0.0 |       0 |      34 |   0.0 |  1504
       Swamp:2 |       0 |   16774 |   0.0 |       0 |      37 |   0.0 |  1183
       Swamp:3 |       0 |    8813 |   0.0 |       0 |      23 |   0.0 |  1375
       Swamp:4 |       0 |   41872 |   0.0 |       0 |      63 |   0.0 |  1618
       Snake:1 |       0 |   18546 |   0.0 |       0 |      29 |   0.0 |  1409
       Snake:2 |       0 |   23303 |   0.0 |       0 |      41 |   0.0 |  1775
       Snake:3 |       0 |   19817 |   0.0 |       0 |      38 |   0.0 |  1896
       Snake:4 |       0 |   73148 |   0.0 |       0 |     123 |   0.0 |  3108
       Slime:1 |       0 |   30288 |   0.0 |       0 |      51 |   0.0 |  1342
       Slime:2 |       0 |   44853 |   0.0 |       0 |      60 |   0.0 |  1216
       Slime:3 |       0 |   24354 |   0.0 |       0 |      46 |   0.0 |  1470
       Slime:4 |       0 |    7492 |   0.0 |       0 |      10 |   0.0 |  1886
       Slime:5 |       0 |   54744 |   0.0 |       0 |      37 |   0.0 |   889
         Orc:1 |       0 |    4913 |   0.0 |       0 |      33 |   0.0 |  1704
         Orc:2 |       0 |   16313 |   0.0 |       0 |     139 |   0.0 |  4447
         Elf:1 |       0 |   46602 |   0.0 |       0 |      68 |   0.0 |  2054
         Elf:2 |       0 |   32829 |   0.0 |       0 |      52 |   0.0 |  1611
         Elf:3 |       0 |   46485 |   0.0 |       0 |      46 |   0.0 |  2683
      Vaults:1 |       0 |   52693 |   0.0 |       0 |      89 |   0.0 |  3535
      Vaults:2 |       0 |   42423 |   0.0 |       0 |      70 |   0.0 |  2810
      Vaults:3 |       0 |   45303 |   0.0 |       0 |      80 |   0.0 |  3331
      Vaults:4 |       0 |   66515 |   0.0 |       0 |      77 |   0.0 |  3191
      Vaults:5 |       0 |  154619 |   0.0 |       0 |     128 |   0.0 |  1425
       Crypt:1 |       0 |   10123 |   0.0 |       0 |      22 |   0.0 |  1875
       Crypt:2 |       0 |   35044 |   0.0 |       0 |      58 |   0.0 |  1924
       Crypt:3 |       0 |   81110 |   0.0 |       0 |      81 |   0.0 |  3658
      Depths:1 |     396 |   65929 |   0.6 |       1 |      93 |   1.1 |  2624
      Depths:2 |       0 |   40632 |   0.0 |       0 |      69 |   0.0 |  1456
      Depths:3 |       0 |  105444 |   0.0 |       0 |     123 |   0.0 |  2293
      Depths:4 |     529 |   67146 |   0.8 |       2 |      62 |   3.1 |  2539
      Depths:5 |       0 |  114968 |   0.0 |       0 |      91 |   0.0 |  2430
          Hell |       0 |   67557 |   0.0 |       0 |     112 |   0.0 |  1969
         Geh:1 |       0 |   68628 |   0.0 |       0 |     129 |   0.0 |  1534
         Geh:2 |       0 |   55792 |   0.0 |       0 |     112 |   0.0 |  1101
         Geh:3 |       0 |   31270 |   0.0 |       0 |      63 |   0.0 |   363
         Zot:1 |       0 |   67282 |   0.0 |       0 |      45 |   0.0 |   920
         Zot:2 |       0 |   39686 |   0.0 |       0 |      25 |   0.0 |  1538
         Zot:3 |       0 |   68677 |   0.0 |       0 |      38 |   0.0 |  1334
         Zot:4 |       0 |   86160 |   0.0 |       0 |      35 |   0.0 |  1239
         Zot:5 |       0 |   38585 |   0.0 |       0 |      15 |   0.0 |   275
       Abyss:1 |   63698 |   36498 |  63.6 |     101 |      61 |  62.3 |  1498
       Abyss:2 |   33118 |   26083 |  55.9 |      67 |      56 |  54.5 |  1540
       Abyss:3 |   31680 |   19854 |  61.5 |      62 |      65 |  48.8 |   626
       Abyss:5 |     732 |       0 | 100.0 |       1 |       0 | 100.0 |    28
         IceCv |       0 |    9315 |   0.0 |       0 |      36 |   0.0 |  2250
               +---------+---------+-------+---------+---------+-------+---------

Vault maps used:
D:1:      dpeg_arrival_ratfight
D:2:      gammafunk_temple_overflow_elements, kiku_gazebo_garden_becter
D:3:      lightli_temple_of_fire, nicolae_gozag_cash_rules_everything_around_me,
          first_ration, lemuel_statue_altar
D:4:      cheibrodos_helix_gallery, ashenzari_conservatory_becter,
          ashenzari_altar_1
D:6:      cheibriados_altar_1, led_sif_pool
D:7:      fedhas_altar_2, minmay_temple_entry_from_below_b, uniq_menkaure
D:8:      nicolae_overflow_crystal_walls, erik_lair_orcish_takeover, the_bakery,
          uniq_pikel
D:9:      lemuel_crystal_altar, serial_shops, shop, uniq_maurice
D:10:     special_room, serial_shops, nicolae_shop_window_shopping
D:11:     columned_hall_lemuel
D:12:     orc_0_dummy
D:13:     minmay_statue_hallways, david_vaults_5
D:14:     fort_yaktaur, kennysheep_flooded_box
D:15:     grunt_enter_depths_hoard, nicolae_wwwww, minmay_misc_feat_room
Lair:2:   swamp_mist, dummy_snake_entry
Lair:3:   portal_ice_cave_entry_imps, lemuel_fruit_fields, grunt_megastairs_3,
          infiniplex_staircase_pool, uniq_snorg
Lair:4:   basic_altar, serial_bayou_shore_b
Lair:5:   st_stairs_11
Lair:6:   minmay_lair_end_enchanted_forest, slime_altar_1, serial_forest,
          infiniplex_forest_side_room, infiniplex_forest_lined_1,
          infiniplex_forest_lined_3, infiniplex_forest_lined_room_3,
          infiniplex_forest_straight_4, infiniplex_forest_end_3,
          infiniplex_forest_lined_3_way, infiniplex_forest_clump_long,
          infiniplex_forest_clump_long, infiniplex_forest_clump_diagonal,
          minmay_lair_oklob_chamber
Swamp:1:  hangedman_swamp_diagram
Swamp:2:  evilmike_swamp_ruin_wall
Swamp:3:  evilmike_swamp_ruin_house_2, swamp_pool3
Swamp:4:  swamp_old_school
Snake:1:  serial_shops, bzr_entry_safe, nicolae_shop_statue_plus,
          nicolae_shop_behind_doors, shop_fountains, shop, st_stairs_5,
          uniq_aizul, uniq_nikola
Snake:2:  serial_shops, bzr_in_the_mist, lemuel_fruit_tree, uniq_agnes
Snake:4:  grunt_snake_rune_pools, spider_trap, grunt_ministairs_8, uniq_kirke
Slime:2:  special_room, cheibrodos_slime_lost_civilization_4
Slime:3:  cheibrodos_slime_lost_civilization_10
Slime:4:  nicolae_slime_ancient_tower_intersection
Orc:1:    nicolae_orc_damp_corner
Orc:2:    pubby_orc_utopia, serial_shops
Elf:1:    minmay_elf_arrival_summoners, hangedman_elf_disciples
Elf:2:    basic_altar, uniq_azrael
Elf:3:    elf_hall_gauntlet_narrow, serial_shops, nicolae_shop_crystal
Vaults:1: ontoclasm_vaults_spin, v_misc_30, grunt_vaults_bifocal,
          grunt_vaults_trifunnel, st_cells, serial_ice_g, v_misc_4,
          vaults_mumra_chevron, v_misc_30, hangedman_vaults_restitches,
          serial_shops, shop
Vaults:2: hangedman_vaults_stream, vaults_dpeg_spiral, ontoclasm_vaults_gateway,
          grunt_vaults_swirl, nicolae_vaults_rhombus_6,
          nicolae_vaults_network_quincunx, nicolae_vaults_shelves_hall,
          hangedman_vaults_snaps, v_pattern_2, grunt_vaults_twisty,
          vaults_room_hallway
Vaults:3: ontoclasm_vaults_ring_small, nicolae_vaults_mini_display_case,
          v_alt_pattern_6, nicolae_vaults_theta, vaults_room_stairs_pillars,
          minmay_crypt_entry_simple_corners, dpeg_vaults_monster_box,
          serial_ice_b, serial_shops, bzr_entry_dummy
Vaults:4: grunt_vaults_focal, v_misc_28, ontoclasm_vaults_chip,
          ontoclasm_vaults_idyll, ontoclasm_vaults_loading_screen,
          vaults_room_fours, nicolae_vaults_rhombus_7,
          ontoclasm_vaults_decontamination, serial_shops, nicolae_shop_crystal,
          uniq_donald, uniq_margery, uniq_saint_roka, uniq_frederick
Vaults:5: serial_shops, uniq_jory
Crypt:1:  palyth_stone_intersect
Crypt:2:  basic_altar, lemuel_elevator
Crypt:3:  quadcrypt_mu
Depths:1: grunt_hell_entry_dis_grunt, grunt_pan_entry_in_and_out,
          hangedman_abyss_or_decor_jellyfish_corner, kennysheep_inner_square,
          uniq_asterion, uniq_enchantress
Depths:2: wad_lake_hut, grunt_mini_vestibule, hangedman_decor_riveting,
          lightli_corner_chamber
Depths:3: grunt_profane_halls, serial_shops, hell_entry, pan_entry
Depths:4: minmay_the_grid_octo_tiled_squarecenter_mashed, hell_entry,
          abyss_entry, serial_aquarium, aquarium_bridge_straight,
          aquarium_window_2, aquarium_window_1, aquarium_view_2d,
          aquarium_balcony_1b, minmay_misc_feat_chi, serial_bayou_shore_b,
          minmay_staircase_statues
Depths:5: evilmike_zot_entry_castle, hell_entry, roderic_serpentine_path,
          serial_shops, shop_statue, shop, shop, minmay_misc_feat_ornament,
          xom_teletrap_fun, uniq_sojobo
Geh:2:    lemuel_hellish_altar
Geh:3:    nicolae_geh_amphitheater
Zot:1:    circus_mu
Zot:3:    st_stairs_14
Zot:4:    kennysheep_room_grid, st_stairs_9, st_single_dragon_hoard_3,
          lemuel_flame_loot_1
Abyss:2:  evilmike_abyss_exit_chaos, evilmike_abyss_exit_9
Abyss:3:  evilmike_abyss_exit_15, hangedman_abyss_or_decor_slice,
          grunt_abyss_rune_forest_and_sorcery, grunt_abyss_rune_wretched_hive
Abyss:5:  hangedman_cross_veins, evilmike_abyss_rune_siren_acolytes,
          evilmike_abyss_exit_10
Bazaar:   bazaar_minmay_cross, bazaar_jpeg_cross, bazaar_minmay_generic_box
IceCv:    ice_cave_small_giant

Table legend:
 A = Turns spent in this place as a percentage of turns spent in the entire game.
 B = Non-inter-level travel turns spent in this place as a percentage of non-inter-level travel turns spent in the entire game.
 C = Inter-level travel turns spent in this place as a percentage of turns spent in this place.
 D = Turns resting spent in this place as a percentage of non-inter-level travel turns spent in this place.
 E = Turns spent auto-exploring this place as a percentage of non-inter-level travel turns spent in this place.
 F = Non-inter-level travel turns spent in this place divided by the number of levels of this place that you've seen.
                   A       B       C       D       E      F
               +-------+-------+-------+-------+-------+----------------------
         Total | 100.0 | 100.0 |  13.0 |  43.0 |  32.7 | 1429.0
       Dungeon |  21.9 |  19.4 |  22.7 |  39.5 |  36.6 | 1389.5
          Lair |  10.9 |  11.0 |  12.1 |  49.0 |  31.1 | 1965.2
         Swamp |   4.6 |   5.0 |   5.2 |  46.7 |  35.9 | 1346.2
     Snake Pit |   6.6 |   7.1 |   7.1 |  42.0 |  35.2 | 1902.2
    Slime Pits |   5.5 |   5.9 |   6.8 |  44.7 |  32.5 | 1268.4
  Orcish Mines |   5.0 |   4.9 |  13.9 |  49.6 |  27.1 | 2648.5
   Elven Halls |   5.2 |   5.1 |  14.3 |  38.3 |  29.6 | 1813.0
        Vaults |  11.6 |  11.1 |  17.0 |  41.4 |  37.1 | 2373.4
         Crypt |   6.1 |   6.7 |   3.8 |  56.9 |  28.0 | 2392.3
        Depths |   9.2 |   9.0 |  15.0 |  43.0 |  34.1 | 1929.0
          Hell |   1.6 |   1.8 |   4.4 |  60.4 |  19.2 | 1883.0
       Gehenna |   2.4 |   2.7 |   3.8 |   9.7 |  38.5 | 961.7
           Zot |   4.3 |   4.4 |  11.1 |  38.1 |  40.2 | 943.0
         Abyss |   3.0 |   3.4 |   0.0 |  32.1 |  12.7 | 369.2
        Bazaar |   0.3 |   0.3 |   0.0 |  34.4 |  23.6 | 117.3
      Ice Cave |   1.8 |   2.1 |   0.0 |  51.2 |  19.1 | 2250.0
               +-------+-------+-------+-------+-------+----------------------

Table legend:
 A = Kills in this place as a percentage of kills in entire the game.
 B = Kills by you in this place as a percentage of kills by you in the entire game.
 C = Kills by friends in this place as a percentage of kills by friends in the entire game.
 D = Other kills in this place as a percentage of other kills in the entire game.
 E = Experience gained in this place as a percentage of experience gained in the entire game.
 F = Experience gained in this place divided by the number of levels of this place that you have seen.
                   A       B       C       D       E      F
               +-------+-------+-------+-------+-------+----------------------
         Total | 100.0 | 100.0 | 100.0 | 100.0 | 100.0 | 30194.1
       Dungeon |  11.0 |  11.2 |   0.0 |   0.0 |   2.9 | 4331.9
          Lair |   6.1 |   6.2 |   0.0 |   0.0 |   2.1 | 8103.0
         Swamp |   4.3 |   4.4 |   0.0 |   0.0 |   3.5 | 19946.0
     Snake Pit |   6.4 |   6.5 |   0.0 |   0.0 |   6.0 | 33703.5
    Slime Pits |   5.6 |   5.7 |   3.6 |   0.0 |   7.1 | 32346.2
  Orcish Mines |   4.8 |   4.8 |   0.0 |   0.0 |   0.9 | 10613.0
   Elven Halls |   4.6 |   4.7 |   0.0 |   0.0 |   5.6 | 41972.0
        Vaults |  12.3 |  12.3 |  14.5 |   0.0 |  16.0 | 72310.6
         Crypt |   4.4 |   4.5 |   0.0 |   0.0 |   5.6 | 42092.3
        Depths |  12.2 |  12.1 |  21.8 |   0.0 |  17.4 | 79008.8
          Hell |   3.1 |   3.0 |   5.5 |  20.0 |   3.0 | 67557.0
       Gehenna |   8.4 |   8.5 |   0.0 |  60.0 |   6.9 | 51896.7
           Zot |   4.4 |   4.2 |  12.7 |   0.0 |  13.3 | 60078.0
         Abyss |  11.4 |  10.9 |  41.8 |  20.0 |   9.3 | 21166.3
      Ice Cave |   1.0 |   1.0 |   0.0 |   0.0 |   0.4 | 9315.0
               +-------+-------+-------+-------+-------+----------------------
